Workbook
Name Aguascalientes: Cat_generico!$E$3:$E$13
Name ARRENDADO: Cat_generico!$Z$3:$Z$5
Name BajCal: Cat_generico!$E$14:$E$20
Name BajCalSur: Cat_generico!$E$21:$E$25
Name Campeche: Cat_generico!$E$26:$E$38
Name CDMX: Cat_generico!$E$317:$E$332
Name Chiapas: Cat_generico!$E$39:$E$162
Name Chihuahua: Cat_generico!$E$163:$E$229
Name Coahuila: Cat_generico!$E$230:$E$267
Name Colima: Cat_generico!$E$268:$E$277
Name Durango: Cat_generico!$E$278:$E$316
Name EdoMex: Cat_generico!$E$673:$E$797
Name Guanajuato: Cat_generico!$E$333:$E$378
Name Guerrero: Cat_generico!$E$379:$E$463
Name Hidalgo: Cat_generico!$E$464:$E$547
Name Jalisco: Cat_generico!$E$548:$E$672
Name México: Cat_generico!$B$3:$B$34
Name Michoacán: Cat_generico!$E$798:$E$910
Name Morelos: Cat_generico!$E$911:$E$946
Name Nayarit: Cat_generico!$E$947:$E$966
Name NLeon: Cat_generico!$E$967:$E$1017
Name Oaxaca: Cat_generico!$E$1018:$E$1587
Name Pública: Cat_generico!$N$3:$N$5
Name Puebla: Cat_generico!$E$1588:$E$1804
Name Querétaro: Cat_generico!$E$1805:$E$1822
Name QuintanaRoo: Cat_generico!$E$1823:$E$1833
Name RAMO10: Cat_generico!$K$84:$K$90
Name RAMO11: Cat_generico!$K$91:$K$120
Name RAMO12: Cat_generico!$K$121:$K$152
Name RAMO13: Cat_generico!$K$153:$K$176
Name RAMO14: Cat_generico!$K$177:$K$182
Name RAMO15: Cat_generico!$K$183:$K$188
Name RAMO16: Cat_generico!$K$196
Name RAMO18: Cat_generico!$K$197:$K$206
Name RAMO19: Cat_generico!$K$207:$K$208
Name RAMO2: Cat_generico!$K$3
Name RAMO20: Cat_generico!$K$209:$K$213
Name RAMO21: Cat_generico!$K$214:$K$219
Name RAMO27: Cat_generico!$K$220
Name RAMO31: Cat_generico!$K$221
Name RAMO36: Cat_generico!$K$222:$K$229
Name RAMO37: Cat_generico!$K$230
Name RAMO38: Cat_generico!$K$231:$K$257
Name RAMO4: Cat_generico!$K$4:$K$18
Name RAMO45: Cat_generico!$K$258
Name RAMO46: Cat_generico!$K$259
Name RAMO47: Cat_generico!$K$260:$K$262
Name RAMO48: Cat_generico!$K$263:$K$276
Name RAMO5: Cat_generico!$K$19:$K$22
Name RAMO50: Cat_generico!$K$277
Name RAMO51: Cat_generico!$K$278
Name RAMO52: Cat_generico!$K$300:$K$304
Name RAMO53: Cat_generico!$K$288:$K$299
Name RAMO54: Cat_generico!$K$279:$K$281
Name RAMO55: Cat_generico!$K$282:$K$287
Name RAMO6: Cat_generico!$K$23:$K$51
Name RAMO7: Cat_generico!$K$52:$K$56
Name RAMO8: Cat_generico!$K$57:$K$73
Name RAMO9: Cat_generico!$K$74:$K$83
Name Sinaloa: Cat_generico!$E$1893:$E$1912

Sheet Diccionario
A1: Verificación | B1: com | C1: Orden | D1: Variable | E1: Descripción | F1: Dominio
A2: =B2=D2 -> FALSE | B2: =Formato!A1 -> NÚMERO DE REGISTRO FEDERAL INMOBILIARIO/RIUF | C2: 1 | D2: NÚMERO DE REGISTRO FEDERAL INMOBILIARIO | E2: Escribir la clave de identificación única asignada en el Inventario del Patrimonio Inmobiliario Federal y Paraestatal. | F2: Sin catálogo, libre escritura
A3: =B3=D3 -> TRUE | B3: =Formato!$B$1 -> NÚMERO DE REGISTRO DE LA PROPIEDAD | C3: 2 | D3: NÚMERO DE REGISTRO DE LA PROPIEDAD | E3: Escribir el número del Registro Público de la Propiedad inmueble. | F3: Sin catálogo, libre escritura
A4: =B4=D4 -> TRUE | B4: =Formato!$C1 -> NÚMERO DE LA ESCRITURA PÚBLICA | C4: 2.1 | D4: NÚMERO DE LA ESCRITURA PÚBLICA | E4: Escribir el número de la escritura pública asignado por el notario que la autoriza y se encuentra registrado en el protocolo notarial. | F4: Sin catálogo, libre escritura
A5: =B5=D5 -> TRUE | B5: =Formato!$D$1 -> PAÍS | C5: 3 | D5: PAÍS | E5: Seleccionar de la lista desplegable el nombre del País en el que se encuentra el inmueble. | F5: Cat_genérico
A6: =B6=D6 -> TRUE | B6: =Formato!$E$1 -> ENTIDAD FEDERATIVA | C6: 3.1 | D6: ENTIDAD FEDERATIVA | E6: En caso de que se encuentre en el país, seleccionar de la lista desplegable el nombre de la Entidad Federativa en la cual se encuentra el inmueble. | F6: Cat_genérico
A7: =B7=D7 -> TRUE | B7: =Formato!$F$1 -> C.P | C7: 3.2 | D7: C.P | E7: Escribir el número del Código Postal, a cinco dígitos, al que pertenece el inmueble. | F7: Cat_genérico
A8: =B8=D8 -> TRUE | B8: =Formato!$H$1 -> MUNICIPIO/ ALCALDÍA | C8: 3.3 | D8: MUNICIPIO/ ALCALDÍA | E8: Escribir el nombre del Municipio o Alcaldía en la cual se encuentra el inmueble. | F8: Cat_genérico
A9: =B9=D9 -> TRUE | B9: =Formato!$I$1 -> DOMICILIO ACTUAL DEL INMUEBLE | C9: 3.4 | D9: DOMICILIO ACTUAL DEL INMUEBLE | E9: Escribir el domicilio en el que se ubica el inmueble en el país (Calle, núm. exterior, núm. interior, colonia). Para el caso de estar en el extranjero, escribir la dirección completa, como aparece en algún documento oficial. | F9: Sin catálogo, libre escritura
A10: =B10=D10 -> TRUE | B10: =Formato!$J$1 -> DOMICILIO EN CONTRATO DEL INMUEBLE | C10: 3.5 | D10: DOMICILIO EN CONTRATO DEL INMUEBLE | E10: Escribir el domicilio completo que se describió en el contrato de adquisición, arrendamiento u otros(Calle, núm. exterior, núm. interior, colonia, municipio/alcaldía, C.P. Entidad Federativa y País). | F10: Sin catálogo, libre escritura
A11: =B11=D11 -> TRUE | B11: =Formato!$K$1 -> GEORREFERENCIA | C11: 3.7 | D11: GEORREFERENCIA | E11: Escribir la ubicación concreta de un punto en sistema de coordenadas geográficas. | F11: Sin catálogo, libre escritura
A12: =B12=D12 -> TRUE | B12: =Formato!$L1 -> RAMO DE LA INSTITUCIÓN PROPIETARIA DEL INMUEBLE | C12: 4 | D12: RAMO DE LA INSTITUCIÓN PROPIETARIA DEL INMUEBLE | E12: Seleccionar de la lista desplegable el número del ramo administrativo, conforme al Presupuesto de Egresos de la Federación, al que pertenece la institución propietaria del inmueble. | F12: Cat_genérico
A13: =B13=D13 -> TRUE | B13: =Formato!$M1 -> DESCRIPCIÓN RAMO DE LA INSTITUCIÓN PROPIETARIA DEL INMUEBLE | C13: 4.1 | D13: DESCRIPCIÓN RAMO DE LA INSTITUCIÓN PROPIETARIA DEL INMUEBLE | E13: Nombre del Ramo, conforme al Presupuesto de Egresos de la Federación, al que pertenece la institución propietaria del inmueble. | F13: Cat_genérico, al seleccionar el ramo, te da la descripción automáticamente
A14: =B14=D14 -> TRUE | B14: =Formato!$N1 -> INSTITUCIÓN PROPIETARIA DEL INMUEBLE | C14: 4.2 | D14: INSTITUCIÓN PROPIETARIA DEL INMUEBLE | E14: Seleccionar la institución propietaria del inmueble, conforme al Presupuesto de Egresos de la Federaciónal. | F14: Cat_genérico
A15: =B15=D15 -> TRUE | B15: =Formato!$O1 -> FECHA DE ADQUISICIÓN DEL INMUEBLE | C15: 4.3 | D15: FECHA DE ADQUISICIÓN DEL INMUEBLE | E15: Escribir la fecha en la que se adquirio el inmueble. | F15: Sin catálogo, libre escritura
A16: =B16=D16 -> TRUE | B16: =Formato!$P1 -> RAMO DE LA INSTITUCIÓN ADMINISTRADORA DEL INMUEBLE | C16: 5 | D16: RAMO DE LA INSTITUCIÓN ADMINISTRADORA DEL INMUEBLE | E16: Seleccionar de la lista desplegable el número del ramo administrativo, conforme al Presupuesto de Egresos de la Federación, al que pertenece la institución que administra el inmueble. | F16: Cat_genérico
A17: =B17=D17 -> TRUE | B17: =Formato!$Q1 -> DESCRIPCIÓN RAMO DE LA INSTITUCIÓN ADMINISTRADORA DEL INMUEBLE | C17: 5.1 | D17: DESCRIPCIÓN RAMO DE LA INSTITUCIÓN ADMINISTRADORA DEL INMUEBLE | E17: Seleccionar de la lista desplegable el número del ramo administrativo, conforme al Presupuesto de Egresos de la Federación, al que pertenece la institución que administra el inmueble. | F17: Cat_genérico, al seleccionar el ramo, te da la descripción automáticamente
A18: =B18=D18 -> TRUE | B18: =Formato!$R1 -> INSTITUCIÓN ADMINISTRADORA DEL INMUEBLE | C18: 5.2 | D18: INSTITUCIÓN ADMINISTRADORA DEL INMUEBLE | E18: Seleccionar la institución administradora del inmueble, conforme al Presupuesto de Egresos de la Federaciónal. | F18: Cat_genérico
A19: =B19=D19 -> TRUE | B19: =Formato!$S$1 -> TIPO DE PROPIEDAD | C19: 7 | D19: TIPO DE PROPIEDAD | E19: Seleccionar de la lista desplegable el tipo de propiedad: Pública, Privada o Social | F19: Cat_genérico
A20: =B20=D20 -> TRUE | B20: =Formato!$T$1 -> EN CASO DE PROPIEDAD "PÚBLICA" | C20: 7.1 | D20: EN CASO DE PROPIEDAD "PÚBLICA" | E20: En caso de ser un inmueble público, seleccionar conforme a la lista desplegable el ámbito al que pertenece el inmueble: Federal, Estatal, Municipal. | F20: Cat_genérico
A21: =B21=D21 -> TRUE | B21: =Formato!$U$1 -> TIPO DE INMUEBLE | C21: 7.2 | D21: TIPO DE INMUEBLE | E21: Seleccionar de la lista desplegable el tipo de inmueble de conformidad con su construcción. | F21: Cat_genérico
A22: =B22=D22 -> TRUE | B22: =Formato!$V$1 -> ESTADO FÍSICO DEL INMUEBLE | C22: 7.3 | D22: ESTADO FÍSICO DEL INMUEBLE | E22: Seleccionar la condición de la estructura física del inmueble es buena, regular o mala. | F22: Cat_genérico
A23: =B23=D23 -> TRUE | B23: =Formato!$W$1 -> USO | C23: 7.4 | D23: USO | E23: Seleccionar de la lista desplegable si el inmueble es de uso exclusivo de la institución o es compartido. | F23: Cat_genérico
A24: =B24=D24 -> TRUE | B24: =Formato!$X$1 -> USO ESPECÍFICO | C24: 7.5 | D24: USO ESPECÍFICO | E24: Indicar el fin del inmueble, ya sea para ocupación de personas, estacionamiento, almacén, archivo, etc. | F24: Cat_genérico
A25: =B25=D25 -> TRUE | B25: =Formato!$Y$1 -> NÚMERO DE PERSONAS QUE SE ATIENDEN | C25: 7.6 | D25: NÚMERO DE PERSONAS QUE SE ATIENDEN | E25: En caso de ser un inmueble uso para atención al público en general, escribir el número de personas que se atienden mensualmente. | F25: Sin catálogo, libre escritura, se restringe a números enteros
A26: =B26=D26 -> TRUE | B26: =Formato!$Z$1 -> M2 DISPONIBLES | C26: 7.7 | D26: M2 DISPONIBLES | E26: Indicar el número total de metros cuadrados de construcción con los que cuenta el inmueble. | F26: Sin catálogo, libre escritura, se restringe a números enteros
A27: =B27=D27 -> TRUE | B27: =Formato!$AA$1 -> M2 UTILIZADOS | C27: 7.8 | D27: M2 UTILIZADOS | E27: Indicar el número total de metros cuadrados de construcción utilizados. | F27: Sin catálogo, libre escritura, se restringe a números enteros
A28: =B28=D28 -> TRUE | B28: =Formato!$AB$1 -> NÚMERO DE PISOS DEL INMUEBLE | C28: 7.9 | D28: NÚMERO DE PISOS DEL INMUEBLE | E28: Seleccionar de la lista desplegable el número de pisos con los que cuenta el inmueble, incluyendo planta baja, mezzanine, PH . | F28: Cat_genérico
A29: =B29=D29 -> TRUE | B29: =Formato!$AC$1 -> NÚMERO DE PISOS UTILIZADOS | C29: 7.91 | D29: NÚMERO DE PISOS UTILIZADOS | E29: Seleccionar de la lista desplegable el número de pisos utilizados por el personal. | F29: Cat_genérico
A30: =B30=D30 -> TRUE | B30: =Formato!$AD$1 -> CAPACIDAD DE OCUPACIÓN | C30: 7.92 | D30: CAPACIDAD DE OCUPACIÓN | E30: Indicar con número la capacidad total de personal que puede ocupar el inmueble. | F30: Sin catálogo, libre escritura, se restringe a números enteros
A31: =B31=D31 -> TRUE | B31: =Formato!$AE$1 -> ESTADO DE OCUPACIÓN | C31: 7.93 | D31: ESTADO DE OCUPACIÓN | E31: Seleccionar de la lista desplegable si el inmueble está ocupado, desocupado o parcialmente ocupado. | F31: Cat_genérico
A32: =B32=D32 -> TRUE | B32: =Formato!$AF$1 -> MOTIVO DE DESOCUPACIÓN | C32: 7.94 | D32: MOTIVO DE DESOCUPACIÓN | E32: En caso de estar desocupado, explique brevemente la razón por la cual el inmueble está en esa situación. | F32: Sin catálogo, libre escritura, liminado a 150 caracteres
A33: =B33=D33 -> TRUE | B33: =Formato!$AG$1 -> OCUPACIÓN ACTUAL | C33: 7.95 | D33: OCUPACIÓN ACTUAL | E33: Indicar con número la cantidad de personal que labora en el inmueble. | F33: Sin catálogo, libre escritura, se restringe a números enteros
A34: =B34=D34 -> TRUE | B34: =Formato!$AH$1 -> NÚMERO DE CAJONES DE ESTACIONAMIENTO | C34: 7.96 | D34: NÚMERO DE CAJONES DE ESTACIONAMIENTO | E34: Indicar el número de cajones con los que cuenta el estacionamiento. | F34: Sin catálogo, libre escritura, se restringe a números enteros
A35: =B35=D35 -> TRUE | B35: =Formato!$AI$1 -> ESTATUS DEL INMUEBLE | C35: 8 | D35: ESTATUS DEL INMUEBLE | E35: Seleccionar de la lista desplegable el estatus del inmueble de acuerdo con su contratación, origen o propiedad | F35: Cat_genérico
A36: =B36=D36 -> TRUE | B36: =Formato!$AJ$1 -> TIPO DE ARRENDAMIENTO | C36: 8.1 | D36: TIPO DE ARRENDAMIENTO | E36: Seleccionar si el tipo de arrendamiento es financiero o administrativo | F36: Cat_genérico
A37: =B37=D37 -> TRUE | B37: =Formato!$AK$1 -> NOMBRE(S) DE LA(S) INSTITUCIÓN(ES) QUE OCUPAN EL INMUEBLE | C37: 8.2 | D37: NOMBRE(S) DE LA(S) INSTITUCIÓN(ES) QUE OCUPAN EL INMUEBLE | E37: Escribir el nombre con el cual se identifica a la(s) Dependencia(s), Entidad(es) u Órgano(s) Administrativo(s) Desconcentrado(s), que ocupa(n) el inmueble. | F37: Sin catálogo, libre escritura
A38: =B38=D38 -> TRUE | B38: =Formato!$AL$1 -> FECHA DE ASIGNACIÓN A LA INSTITUCIÓN | C38: 8.3 | D38: FECHA DE ASIGNACIÓN A LA INSTITUCIÓN | E38: Escribir la fecha en la que se asignó u ocupó el inmueble. | F38: Sin catálogo, libre escritura
A39: =B39=D39 -> TRUE | B39: =Formato!$AM$1 -> DENOMINACIÓN DEL ARRENDADOR O CONTRAPARTE | C39: 8.4 | D39: DENOMINACIÓN DEL ARRENDADOR O CONTRAPARTE | E39: En caso de ser un inmueble arrendado, en concesión o en comodato, indicar el nombre o razón social del arrendador o de la contraparte. | F39: Sin catálogo, libre escritura
A40: =B40=D40 -> TRUE | B40: =Formato!$AN$1 -> NOMBRE DEL RESPONSABLE DEL CONTRATO O INSTRUMENTO JURÍDICO | C40: 8.5 | D40: NOMBRE DEL RESPONSABLE DEL CONTRATO O INSTRUMENTO JURÍDICO | E40: Nombre de la persona servidora pública que firmó como responsable el contrato o instrumento jurídico. | F40: Sin catálogo, libre escritura
A41: =B41=D41 -> TRUE | B41: =Formato!$AO$1 -> CARGO DEL RESPONSABLE DEL CONTRATO O INSTRUMENTO JURÍDICO | C41: 8.6 | D41: CARGO DEL RESPONSABLE DEL CONTRATO O INSTRUMENTO JURÍDICO | E41: Cargo de la persona servidora pública que firmó el contrato o instrumento jurídico. | F41: Sin catálogo, libre escritura
A42: =B42=D42 -> TRUE | B42: =Formato!$AP$1 -> FECHA DE INICIO DEL CONTRATO O INSTRUMENTO JURÍDICO | C42: 8.7 | D42: FECHA DE INICIO DEL CONTRATO O INSTRUMENTO JURÍDICO | E42: En caso de ser un inmueble arrendado, en concesión o en comodato indicar la fecha de inicio del contrato. | F42: Sin catálogo, libre escritura
A43: =B43=D43 -> TRUE | B43: =Formato!$AQ$1 -> FECHA DE TÉRMINO DEL CONTRATO O INSTRUMENTO JURÍDICO | C43: 8.8 | D43: FECHA DE TÉRMINO DEL CONTRATO O INSTRUMENTO JURÍDICO | E43: En caso de ser un inmueble arrendado, en concesión o en comodato indicar la fecha de término del contrato. | F43: Sin catálogo, libre escritura
A44: =B44=D44 -> TRUE | B44: =Formato!$AR$1 -> MONTO TOTAL DEL CONTRATO O INSTRUMENTO JURÍDICO | C44: 8.9 | D44: MONTO TOTAL DEL CONTRATO O INSTRUMENTO JURÍDICO | E44: Indicar con número en pesos, la cantidad establecida en el contrato o instrumento jurídico, sin IVA. | F44: Sin catálogo, monto en moneda establecida en el instrumento jurídico sin IVA, dos dígitos de centavos, (para el caso de moneda nacional en pesos)
A45: =B45=D45 -> TRUE | B45: =Formato!$AS$1 -> TIPO DE MONEDA | C45: 8.91 | D45: TIPO DE MONEDA | E45: Indicar la moneda con la cual se suscribió el contrato, en caso de moneda nacional, la cantidad se deberá indicar en pesos. | F45: Sin catálogo, libre escritura
A46: =B46=D46 -> TRUE | B46: =Formato!$AT$1 -> TIPO DE CAMBIO | C46: 8.92 | D46: TIPO DE CAMBIO | E46: Indicar el monto en pesos del tipo de cambio con el cual se suscribió el contrato. | F46: Sin catálogo, libre escritura
A47: =B47=D47 -> TRUE | B47: =Formato!$AU$1 -> TIPO DE MANTENIMIENTO | C47: 8.93 | D47: TIPO DE MANTENIMIENTO | E47: Seleccionar si el tipo de mantenimiento de la celda anterior es menor, mayor, emergente u otros. | F47: Cat_genérico
A48: =B48=D48 -> TRUE | B48: =Formato!$AV$1 -> COSTO DEL MANTENIMIENTO ANUAL | C48: 8.94 | D48: COSTO DEL MANTENIMIENTO ANUAL | E48: Indicar con número en pesos la cantidad que se eroga anualmente por concepto de mantenimiento, en el mismo tipo y unidad de moneda del contrato, sin IVA. | F48: Sin catálogo, monto en moneda establecida en el instrumento jurídico sin IVA, dos dígitos de centavos, (para el caso de moneda nacional en pesos)
A49: =B49=D49 -> TRUE | B49: =Formato!$AW$1 -> COSTO DE LA RENTA ANUAL | C49: 8.95 | D49: COSTO DE LA RENTA ANUAL | E49: En caso de inmuebles arrendados, indicar con número en pesos la cantidad que se eroga anualmente, en el mismo tipo y unidad de moneda que el del contrato, sin IVA. | F49: Sin catálogo, monto en moneda establecida en el instrumento jurídico sin IVA, dos dígitos de centavos, (para el caso de moneda nacional en pesos)
A50: =B50=D50 -> TRUE | B50: =Formato!$AX$1 -> MONTO DEL AVALÚO DEL INMUEBLE | C50: 8.96 | D50: MONTO DEL AVALÚO DEL INMUEBLE | E50: Valor de referencia de un inmueble, de acuerdo con la Cuenta Predial. | F50: Sin catálogo, monto en moneda nacional, dos dígitos de centavos, (para el caso de moneda nacional en pesos)
A51: =B51=D51 -> TRUE | B51: =Formato!$AY$1 -> AÑO DEL AVALÚO DEL INMUEBLE | C51: 8.97 | D51: AÑO DEL AVALÚO DEL INMUEBLE | E51: Indicar el año en el que se realizó el avaluó del inmueble. | F51: Sin catálogo, libre escritura
A52: =B52=D52 -> TRUE | B52: =Formato!$AZ$1 -> NOMBRE COMPLETO DEL TITULAR DE LA UAF O EQUIVALENTE | C52: 9 | D52: NOMBRE COMPLETO DEL TITULAR DE LA UAF O EQUIVALENTE | E52: Nombre completo, empezando por apellidos, del Titular de la UAF o su equivalente. | F52: Sin catálogo, libre escritura
A53: =B53=D53 -> TRUE | B53: =Formato!$BA$1 -> CARGO DEL TITULAR DE LA UAF O EQUIVALENTE | C53: 9.1 | D53: CARGO DEL TITULAR DE LA UAF O EQUIVALENTE | E53: Cargo específico del Titular de la UAF o su equivalente. | F53: Sin catálogo, libre escritura
A54: =B54=D54 -> TRUE | B54: =Formato!$BB$1 -> TELÉFONO DE CONTACTO DE LA OFICINA DEL TUAF O EQUIVALENTE | C54: 9.2 | D54: TELÉFONO DE CONTACTO DE LA OFICINA DEL TUAF O EQUIVALENTE | E54: Escribir el número teléfonico institucional, sin espacios, que se encuentra directamente en las oficinas del Titular de la UAF o su equivalente. | F54: Sin catálogo, libre escritura, se restringe a números enteros
A55: =B55=D55 -> TRUE | B55: =Formato!$BC$1 -> EXT. DE TEL OFICINA DEL TUAF O EQUIVALENTE | C55: 9.3 | D55: EXT. DE TEL OFICINA DEL TUAF O EQUIVALENTE | E55: En su caso, escribir el número de extensión, sin espacios, de las oficinas del Titular de la UAF o su equivalente. | F55: Sin catálogo, libre escritura, se restringe a números enteros
A56: =B56=D56 -> TRUE | B56: =Formato!$BD$1 -> NOMBRE COMPLETO DEL DG O EQUIVALENTE DE RECURSOS MATERIALES | C56: 9.4 | D56: NOMBRE COMPLETO DEL DG O EQUIVALENTE DE RECURSOS MATERIALES | E56: Nombre completo, empezando por apellidos, del director general o su equivalente de recursos materiales. | F56: Sin catálogo, libre escritura
A57: =B57=D57 -> TRUE | B57: =Formato!$BE$1 -> CARGO DEL DG O EQUIVALENTE DE RECURSOS MATERIALES | C57: 9.5 | D57: CARGO DEL DG O EQUIVALENTE DE RECURSOS MATERIALES | E57: Cargo específico del director general o equivalente de recursos materiales. | F57: Sin catálogo, libre escritura
A58: =B58=D58 -> TRUE | B58: =Formato!$BF$1 -> TELÉFONO DE CONTACTO DE LA OFICINA DEL DG O EQUIVALENTE DE REC MAT | C58: 9.6 | D58: TELÉFONO DE CONTACTO DE LA OFICINA DEL DG O EQUIVALENTE DE REC MAT | E58: Número teléfonico institucional, sin espacios, que se encuentra directamente en las oficinas del director general o equivalente de recursos materiales. | F58: Sin catálogo, libre escritura, se restringe a números enteros
A59: =B59=D59 -> TRUE | B59: =Formato!$BG$1 -> EXT. DE TEL OFICINA DEL DG O EQUIVALENTE DE REC MAT | C59: 9.7 | D59: EXT. DE TEL OFICINA DEL DG O EQUIVALENTE DE REC MAT | E59: En su caso, escribir el número de extensión, sin espacios, de las oficinas del director general o su equivalente de recursos materiales. | F59: Sin catálogo, libre escritura, se restringe a números enteros
A60: =B60=D60 -> TRUE | B60: =Formato!$BH$1 -> NOMBRE DEL ENCARGADO EN EL INMUEBLE | C60: 9.8 | D60: NOMBRE DEL ENCARGADO EN EL INMUEBLE | E60: Nombre completo, empezando por apellidos de la persona encargada que está físicamente en el inmueble. | F60: Sin catálogo, libre escritura
A61: =B61=D61 -> TRUE | B61: =Formato!$BI$1 -> CARGO DEL ENCARGADO EN EL INMUEBLE | C61: 9.9 | D61: CARGO DEL ENCARGADO EN EL INMUEBLE | E61: Cargo de la persona encargada que está físicamente en el inmueble. | F61: Sin catálogo, libre escritura
A62: =B62=D62 -> TRUE | B62: =Formato!$BJ$1 -> TELÉFONO DE CONTACTO DEL ENCARGADO EN EL INMUEBLE | C62: 9.91 | D62: TELÉFONO DE CONTACTO DEL ENCARGADO EN EL INMUEBLE | E62: Número telefónico, sin espacios, de la persona encargada que está físicamente en el inmueble. | F62: Sin catálogo, libre escritura, se restringe a números enteros
A63: =B63=D63 -> TRUE | B63: =Formato!$BK$1 -> EXT. DE TEL OFICINA DEL ENCARGADO EN EL INMUEBLE | C63: 9.92 | D63: EXT. DE TEL OFICINA DEL ENCARGADO EN EL INMUEBLE | E63: En su caso, escribir el número de extensión, sin espacios, de las oficinas de la persona encargada que está físicamente en el inmueble. | F63: Sin catálogo, libre escritura, se restringe a números enteros
A64: =B64=D64 -> #REF! | B64: =Formato!#REF! -> #REF!

Sheet Cat_generico
A2: PAÍS | B2: ENTIDAD FEDERATIVA | C2: ENTI ABREV | D2: C.P | E2: MUNICIPIO/ ALCALDÍA | F2: FILT | H2: RAMO | I2: DESCRIPCIÓN RAMO | K2: INSTITUCIÓN | M2: TIPO DE PROPIEDAD | N2: EN CASO DE PROPIEDAD "PÚBLICA" | O2: TIPO DE INMUEBLE | P2: ESTADO DEL MANTENIENTO DEL INMUEBLE | Q2: USO | R2: USO ESPECÍFICO | T2: NÚMERO DE PISOS DEL INMUEBLE | U2: NÚMERO DE PISOS UTILIZADOOS | W2: ESTADO DE OCUPACIÓN | Y2: ESTATUS DEL INMUEBLE | Z2: TIPO DE ARRENDAMIENTO | AB2: FECHA DE INICIO DEL CONTRATO | AC2: FECHA DE TÉRMINO DEL CONTRATO | AE2: TIPO DE MANTENIMIENTO
A3: Afganistán | B3: Aguascalientes | C3: Aguascalientes | D3: 20000 | E3: Aguascalientes | F3: Aguascalientes | H3: 2 | I3: Presidencia de la República | K3: Presidencia de la República | M3: Pública | N3: Federal | O3: Edificio | P3: Bueno | Q3: Único | R3: Almacén | T3: 1 | U3: 1 | W3: Ocupado | Y3: Arrendado | Z3: Financiero | AB3: dd/mm/aaaa | AC3: dd/mm/aaaa | AE3: Mayor
A4: Albania | B4: Baja California | C4: BajCal | D4: 20010 | E4: San Francisco de los Romo | F4: Aguascalientes | H4: 4 | I4: Gobernación | K4: Instituto Nacional para el Federalismo y el Desarrollo Municipal | M4: Privada | N4: Estatal | O4: Casa | P4: Regular | Q4: Compartido | R4: Archivo | T4: 2 | U4: 2 | W4: Desocupado | Y4: Asignado | Z4: Administrativo | AE4: Menor
A5: Alemania | B5: Baja California Sur | C5: BajCalSur | D5: 20016 | E5: El Llano | F5: Aguascalientes | H5: 5 | I5: Relaciones Exteriores | K5: Consejo Nacional para Prevenir la Discriminación | M5: Social | N5: Municipal | O5: Almacén | P5: Malo | R5: De atención al público | T5: 3 | U5: 3 | W5: Parcialmente ocupado | Y5: Comodato | Z5: Otro | AB5: 1 | AE5: Emergente
A6: Andorra | B6: Campeche | C6: Campeche | D6: 20018 | E6: Rincón de Romos | F6: Aguascalientes | H6: 6 | I6: Hacienda y Crédito Público | K6: Talleres Gráficos de México | O6: Terreno | R6: Deportivo | T6: 4 | U6: 4 | Y6: Concesión | AE6: Otro
A7: Angola | B7: Chiapas | C7: Chiapas | D7: 20020 | E7: Cosío | F7: Aguascalientes | H7: 7 | I7: Defensa Nacional | K7: Tribunal Federal de Conciliación y Arbitraje | O7: Otro | R7: Escuelas | T7: 5 | U7: 5 | Y7: Donación
A8: Antigua y Barbuda | B8: Chihuahua | C8: Chihuahua | D8: 20029 | E8: San José de Gracia | F8: Aguascalientes | H8: 8 | I8: Agricultura y Desarrollo Rural | K8: Secretaría General del Consejo Nacional de Población | R8: Estacionamiento | T8: 6 | U8: 6 | Y8: Propio
A9: Arabia Saudita | B9: Ciudad de México | C9: CDMX | D9: 20030 | E9: Tepezalá | F9: Aguascalientes | H9: 9 | I9: Infraestructura, Comunicaciones y Transportes | K9: Instituto Nacional de Migración | R9: Museos | T9: 7 | U9: 7 | Y9: Otro
A10: Argelia | B10: Coahuila de Zaragoza | C10: Coahuila | D10: 20040 | E10: Pabellón de Arteaga | F10: Aguascalientes | H10: 10 | I10: Economía | K10: Coordinación General de la Comisión Mexicana de Ayuda a Refugiados | R10: Oficinas | T10: 8 | U10: 8
A11: Argentina | B11: Colima | C11: Colima | D11: 20049 | E11: Asientos | F11: Aguascalientes | H11: 11 | I11: Educación Pública | K11: Secretaría Ejecutiva del Sistema Nacional de Protección Integral de Niñas, Niños y Adolescentes | R11: Otro | T11: 9 | U11: 9
A12: Armenia | B12: Durango | C12: Durango | D12: 20050 | E12: Calvillo | F12: Aguascalientes | H12: 12 | I12: Secretaría de Salud | K12: Centro de Producción de Programas Informativos y Especiales | T12: 10 | U12: 10
A13: Australia | B13: Estado de México | C13: EdoMex | D13: 20059 | E13: Jesús María | F13: Aguascalientes | H13: 13 | I13: Marina | K13: Coordinación para la Atención Integral de la Migración en la Frontera Sur | T13: 11 | U13: 11
A14: Austria | B14: Guanajuato | C14: Guanajuato | D14: 20060 | E14: Mexicali | F14: Baja California | H14: 14 | I14: Trabajo y Previsión Social | K14: Comisión Nacional para Prevenir y Erradicar la Violencia Contra las Mujeres | T14: 12 | U14: 12
A15: Azerbaiyán | B15: Guerrero | C15: Guerrero | D15: 20064 | E15: Tecate | F15: Baja California | H15: 15 | I15: Desarrollo Agrario, Territorial y Urbano | K15: Comisión Nacional de Búsqueda de Personas | T15: 13 | U15: 13
A16: Bahamas | B16: Hidalgo | C16: Hidalgo | D16: 20070 | E16: San Felipe | F16: Baja California | H16: 16 | I16: Medio Ambiente y Recursos Naturales | K16: Secretaría de Gobernación | T16: 14 | U16: 14
A17: Bangladés | B17: Jalisco | C17: Jalisco | D17: 20078 | E17: Tijuana | F17: Baja California | H17: 18 | I17: Energía | K17: Instituto Matías Romero | T17: 15 | U17: 15
A18: Barbados | B18: Michoacán de Ocampo | C18: Michoacán | D18: 20080 | E18: Playas de Rosarito | F18: Baja California | H18: 20 | I18: Bienestar | K18: Instituto de Mexicanas y Mexicanos en el Exterior | T18: 16 | U18: 16
A19: Baréin | B19: Morelos | C19: Morelos | D19: 20089 | E19: Ensenada | F19: Baja California | H19: 21 | I19: Turismo | K19: Agencia Mexicana de Cooperación Internacional para el Desarrollo | T19: 17 | U19: 17
A20: Belice | B20: Nayarit | C20: Nayarit | D20: 20100 | E20: San Quintín | F20: Baja California | H20: 27 | I20: Anticorrupción y de Buen Gobierno | K20: Secretaría de Relaciones Exteriores | T20: 18 | U20: 18
A21: Benin | B21: Nuevo León | C21: NLeon | D21: 20110 | E21: La Paz | F21: Baja California Sur | H21: 31 | I21: Tribunales Agrarios | K21: Instituto de Administración y Avalúos de Bienes Nacionales | T21: 19 | U21: 19
A22: Bielorrusia | B22: Oaxaca | C22: Oaxaca | D22: 20115 | E22: Los Cabos | F22: Baja California Sur | H22: 36 | I22: Seguridad y Protección Ciudadana | K22: Comisión Nacional Bancaria y de Valores | T22: 20 | U22: 20
A23: Bolivia | B23: Puebla | C23: Puebla | D23: 20116 | E23: Comondú | F23: Baja California Sur | H23: 37 | I23: Consejería Jurídica del Ejecutivo Federal | K23: Comisión Nacional de Seguros y Fianzas | T23: 21 | U23: 21
... A34: Camboya | B34: Zacatecas | C34: Zacatecas | D34: 20135 | E34: Calakmul | F34: Campeche | H34: 55 | I34: Agencia de Transformacón Digital y Telecomunicaciones | K34: Fondo Especial de Asistencia Técnica y Garantía para Créditos Agropecuarios | T34: 32 | U34: 32
A35: Camerún | D35: 20136 | E35: Tenabo | F35: Campeche | K35: Fondo de Capitalización e Inversión del Sector Rural | T35: 33 | U35: 33
A36: Canadá | D36: 20137 | E36: Hecelchakán | F36: Campeche | K36: Fondo de Garantía y Fomento para la Agricultura, Ganadería y Avicultura | T36: 34 | U36: 34
A37: Catar | D37: 20138 | E37: Calkiní | F37: Campeche | K37: Fondo de Garantía y Fomento para las Actividades Pesqueras | T37: 35 | U37: 35
A38: Chad | D38: 20140 | E38: Dzitbalché | F38: Campeche | K38: Fondo de Operación y Financiamiento Bancario a la Vivienda | T38: 36 | U38: 36
A39: Chile | D39: 20146 | E39: Tuxtla Gutiérrez | F39: Chiapas | K39: Fondo Especial para Financiamientos Agropecuarios | T39: 37 | U39: 37
A40: China | D40: 20149 | E40: San Fernando | F40: Chiapas | K40: Instituto para el Desarrollo Técnico de las Haciendas Públicas | T40: 38 | U40: 38
A41: Chipre | D41: 20150 | E41: Berriozábal | F41: Chiapas | K41: Instituto para la Protección al Ahorro Bancario | T41: 39 | U41: 39
A42: Colombia | D42: 20157 | E42: Ocozocoautla de Espinosa | F42: Chiapas | K42: Nacional Financiera, S.N.C. | T42: 40 | U42: 40
A43: Comoras | D43: 20158 | E43: Suchiapa | F43: Chiapas | K43: Banco del Bienestar, S.N.C., I.B.D. | T43: 41 | U43: 41
A44: Corea del Norte | D44: 20159 | E44: Chiapa de Corzo | F44: Chiapas | K44: Lotería Nacional | T44: 42 | U44: 42
A45: Corea del Sur | D45: 20160 | E45: Osumacinta | F45: Chiapas | K45: Instituto para Devolver al Pueblo lo Robado | T45: 43 | U45: 43
A46: Costa de Marfil | D46: 20164 | E46: San Cristóbal de las Casas | F46: Chiapas | K46: Sociedad Hipotecaria Federal, S.N.C. | T46: 44 | U46: 44
... A102: Letonia | D102: 20286 | E102: Tila | F102: Chiapas | K102: Unidad del Sistema para la Carrera de las Maestras y los Maestros | T102: 100 | U102: 100
A103: Liberia | D103: 20287 | E103: Tumbalá | F103: Chiapas | K103: Centro de Enseñanza Técnica Industrial
A104: Libia | D104: 20288 | E104: Yajalón | F104: Chiapas | K104: Centro de Investigación y de Estudios Avanzados del Instituto Politécnico Nacional
A105: Liechtenstein | D105: 20289 | E105: Ocosingo | F105: Chiapas | K105: Colegio de Bachilleres
A106: Lituania | D106: 20290 | E106: Chilón | F106: Chiapas | K106: Colegio Nacional de Educación Profesional Técnica
A107: Luxemburgo | D107: 20296 | E107: Benemérito de las Américas | F107: Chiapas | K107: Comisión de Operación y Fomento de Actividades Académicas del Instituto Politécnico Nacional
A108: Líbano | D108: 20297 | E108: Marqués de Comillas | F108: Chiapas | K108: Comisión Nacional de Cultura Física y Deporte
A109: Macedonia del Norte | D109: 20298 | E109: Palenque | F109: Chiapas | K109: Comisión Nacional de Libros de Texto Gratuitos
A110: Madagascar | D110: 20299 | E110: La Libertad | F110: Chiapas | K110: Consejo Nacional de Fomento Educativo
A111: Malasia | D111: 20300 | E111: Catazajá | F111: Chiapas | K111: Educal, S.A. de C.V.
A112: Malaui | D112: 20303 | E112: Comitán de Domínguez | F112: Chiapas | K112: El Colegio de México, A.C.
A113: Maldivas | D113: 20304 | E113: Tzimol | F113: Chiapas | K113: Fideicomiso de los Sistemas Normalizado de Competencia Laboral y de Certificación de Competencia Laboral
A114: Mali | D114: 20305 | E114: Chicomuselo | F114: Chiapas | K114: Fondo de Cultura Económica
... A196: Zimbabue | D196: 20454 | E196: Nonoava | F196: Chihuahua | K196: Procuraduría Federal de Protección al Ambiente
D197: 20460 | E197: Guachochi | F197: Chihuahua | K197: Comisión Nacional de Áreas Naturales Protegidas
D198: 20462 | E198: Bocoyna | F198: Chihuahua | K198: Agencia Nacional de Seguridad Industrial y de Protección al Medio Ambiente del Sector Hidrocarburos
D199: 20466 | E199: Cusihuiriachi | F199: Chihuahua | K199: Comisión Nacional Forestal
D200: 20467 | E200: Gran Morelos | F200: Chihuahua | K200: Instituto Mexicano de Tecnología del Agua
D201: 20468 | E201: Santa Isabel | F201: Chihuahua | K201: Instituto Nacional de Ecología y Cambio Climático
D202: 20469 | E202: Carichí | F202: Chihuahua | K202: Secretaría de Medio Ambiente y Recursos Naturales
D203: 20470 | E203: Uruachi | F203: Chihuahua | K203: Comisión Nacional de Seguridad Nuclear y Salvaguardias
D204: 20472 | E204: Ocampo | F204: Chihuahua | K204: Comisión Nacional para el Uso Eficiente de la Energía
D205: 20476 | E205: Moris | F205: Chihuahua | K205: Centro Nacional de Control de Energía
D206: 20478 | E206: Chínipas | F206: Chihuahua | K206: Centro Nacional de Control del Gas Natural
D207: 20500 | E207: Maguarichi | F207: Chihuahua | K207: Compañía Mexicana de Exploraciones, S.A. de C.V. (en proceso de desincorporación)
D208: 20503 | E208: Guazapares | F208: Chihuahua | K208: Instituto Nacional de Electricidad y Energías Limpias
... D213: 20520 | E213: San Francisco del Oro | F213: Chihuahua | K213: Instituto de Seguridad y Servicios Sociales de los Trabajadores del Estado
D214: 20534 | E214: Rosario | F214: Chihuahua
D215: 20538 | E215: Huejotitán | F215: Chihuahua | K215: Instituto Nacional de la Economía Social
D216: 20540 | E216: El Tule | F216: Chihuahua | K216: Consejo Nacional de Evaluación de la Política de Desarrollo Social
D217: 20545 | E217: Balleza | F217: Chihuahua | K217: Consejo Nacional para el Desarrollo y la Inclusión de las Personas con Discapacidad
D218: 20563 | E218: Santa Bárbara | F218: Chihuahua | K218: Instituto Nacional de las Personas Adultas Mayores
D219: 20564 | E219: Camargo | F219: Chihuahua | K219: Secretaría de Bienestar
D220: 20567 | E220: Saucillo | F220: Chihuahua | K220: FONATUR Constructora, S.A. de C.V.
D221: 20570 | E221: Valle de Zaragoza | F221: Chihuahua | K221: Consejo de Promoción Turística de México, S.A. de C.V. (en proceso de desincorporación)
D222: 20574 | E222: La Cruz | F222: Chihuahua | K222: Fondo Nacional de Fomento al Turismo
D223: 20575 | E223: San Francisco de Conchos | F223: Chihuahua | K223: FONATUR Infraestructura, S.A. de C.V.
D224: 20576 | E224: Hidalgo del Parral | F224: Chihuahua | K224: FONATUR Solar, S.A. de C.V.
D225: 20600 | E225: Allende | F225: Chihuahua | K225: FONATUR Tren Maya, S.A. de C.V.
D226: 20602 | E226: López | F226: Chihuahua | K226: Secretaría de Turismo
... D318: 20850 | E318: Azcapotzalco | F318: Ciudad de México | K318: Agencia de Transformacón Digital y Telecomunicaciones
D319: 20852 | E319: Benito Juárez | F319: Ciudad de México
D320: 20854 | E320: Coyoacán | F320: Ciudad de México
D321: 20855 | E321: Cuajimalpa de Morelos | F321: Ciudad de México
D322: 20856 | E322: Cuauhtémoc | F322: Ciudad de México
D323: 20860 | E323: Gustavo A. Madero | F323: Ciudad de México
D324: 20862 | E324: Iztacalco | F324: Ciudad de México
D325: 20864 | E325: Iztapalapa | F325: Ciudad de México
D326: 20870 | E326: La Magdalena Contreras | F326: Ciudad de México
D327: 20872 | E327: Miguel Hidalgo | F327: Ciudad de México
D328: 20874 | E328: Milpa Alta | F328: Ciudad de México
D329: 20880 | E329: Tláhuac | F329: Ciudad de México
D330: 20882 | E330: Tlalpan | F330: Ciudad de México
... D2480: 30880 | E2480: Moyahua de Estrada | F2480: Zacatecas
D2481: 30881
D2482: 30883
D2483: 30884
D2484: 30885
D2485: 30886
D2486: 30890
D2487: 30892
D2488: 30893
D2489: 30894
D2490: 30895
D2491: 30896
...

Sheet Formato
A1: NÚMERO DE REGISTRO FEDERAL INMOBILIARIO/RIUF | B1: NÚMERO DE REGISTRO DE LA PROPIEDAD | C1: NÚMERO DE LA ESCRITURA PÚBLICA | D1: PAÍS | E1: ENTIDAD FEDERATIVA | F1: C.P | G1: ENTIBUSC | H1: MUNICIPIO/ ALCALDÍA | I1: DOMICILIO ACTUAL DEL INMUEBLE | J1: DOMICILIO EN CONTRATO DEL INMUEBLE | K1: GEORREFERENCIA | L1: RAMO DE LA INSTITUCIÓN PROPIETARIA DEL INMUEBLE | M1: DESCRIPCIÓN RAMO DE LA INSTITUCIÓN PROPIETARIA DEL INMUEBLE | N1: INSTITUCIÓN PROPIETARIA DEL INMUEBLE | O1: FECHA DE ADQUISICIÓN DEL INMUEBLE | P1: RAMO DE LA INSTITUCIÓN ADMINISTRADORA DEL INMUEBLE | Q1: DESCRIPCIÓN RAMO DE LA INSTITUCIÓN ADMINISTRADORA DEL INMUEBLE | R1: INSTITUCIÓN ADMINISTRADORA DEL INMUEBLE | S1: TIPO DE PROPIEDAD | T1: EN CASO DE PROPIEDAD "PÚBLICA" | U1: TIPO DE INMUEBLE | V1: ESTADO FÍSICO DEL INMUEBLE | W1: USO | X1: USO ESPECÍFICO | Y1: NÚMERO DE PERSONAS QUE SE ATIENDEN | Z1: M2 DISPONIBLES | AA1: M2 UTILIZADOS | AB1: NÚMERO DE PISOS DEL INMUEBLE | AC1: NÚMERO DE PISOS UTILIZADOS | AD1: CAPACIDAD DE OCUPACIÓN | AE1: ESTADO DE OCUPACIÓN | AF1: MOTIVO DE DESOCUPACIÓN | AG1: OCUPACIÓN ACTUAL | AH1: NÚMERO DE CAJONES DE ESTACIONAMIENTO | AI1: ESTATUS DEL INMUEBLE | AJ1: TIPO DE ARRENDAMIENTO | AK1: NOMBRE(S) DE LA(S) INSTITUCIÓN(ES) QUE OCUPAN EL INMUEBLE | AL1: FECHA DE ASIGNACIÓN A LA INSTITUCIÓN | AM1: DENOMINACIÓN DEL ARRENDADOR O CONTRAPARTE | AN1: NOMBRE DEL RESPONSABLE DEL CONTRATO O INSTRUMENTO JURÍDICO | AO1: CARGO DEL RESPONSABLE DEL CONTRATO O INSTRUMENTO JURÍDICO | AP1: FECHA DE INICIO DEL CONTRATO O INSTRUMENTO JURÍDICO | AQ1: FECHA DE TÉRMINO DEL CONTRATO O INSTRUMENTO JURÍDICO | AR1: MONTO TOTAL DEL CONTRATO O INSTRUMENTO JURÍDICO | AS1: TIPO DE MONEDA | AT1: TIPO DE CAMBIO | AU1: TIPO DE MANTENIMIENTO | AV1: COSTO DEL MANTENIMIENTO ANUAL | AW1: COSTO DE LA RENTA ANUAL | AX1: MONTO DEL AVALÚO DEL INMUEBLE | AY1: AÑO DEL AVALÚO DEL INMUEBLE | AZ1: NOMBRE COMPLETO DEL TITULAR DE LA UAF O EQUIVALENTE | BA1: CARGO DEL TITULAR DE LA UAF O EQUIVALENTE | BB1: TELÉFONO DE CONTACTO DE LA OFICINA DEL TUAF O EQUIVALENTE | BC1: EXT. DE TEL OFICINA DEL TUAF O EQUIVALENTE | BD1: NOMBRE COMPLETO DEL DG O EQUIVALENTE DE RECURSOS MATERIALES | BE1: CARGO DEL DG O EQUIVALENTE DE RECURSOS MATERIALES | BF1: TELÉFONO DE CONTACTO DE LA OFICINA DEL DG O EQUIVALENTE DE REC MAT | BG1: EXT. DE TEL OFICINA DEL DG O EQUIVALENTE DE REC MAT | BH1: NOMBRE DEL ENCARGADO EN EL INMUEBLE | BI1: CARGO DEL ENCARGADO EN EL INMUEBLE | BJ1: TELÉFONO DE CONTACTO DEL ENCARGADO EN EL INMUEBLE | BK1: EXT. DE TEL OFICINA DEL ENCARGADO EN EL INMUEBLE
A2: 85-02670-6 | D2: México | E2: Baja California | F2: C. P. 22710 | H2: Playas de Rosarito | I2: Boulevard HISENSE, 3510, Colonia Ampliación Lucio Blanco, Parque Industrial Rosarito, | J2: Boulevard HISENSE, 3510, Colonia Ampliación Lucio Blanco, Parque Industrial Rosarito, | M2: =VLOOKUP(L2,Cat_generico!$H$3:$I$34,2,FALSE) -> #N/A | P2: 50 | Q2: Instituto Mexicano del Seguro Social | R2: Instituto Mexicano del Seguro Social | S2: privada | U2: casa | V2: Regular | W2: Único | X2: consultorio Auxiliar de la Unidad de Medicina Familiar 27 y Oficina auxiliar administrativa de Afiliación, Auditoria y Cobranza | AA2: 255 | AE2: Ocupado | AI2: Comodato | AK2: Instituto Mexicano del Seguro Social | AM2: Sharp Electrónica México ahora HISENS ELECTRÓNICA MÉXICO S. A. DE C. V. | AN2: Juan Carlos Hernández Rodríguez | AO2: Jefe de Serviios Administrativos | AP2: 43231 | AQ2: indefinida
A3: 85-02671-5 | D3: México | E3: Baja California | F3: CP 22646 | G3: =VLOOKUP(E3,Cat_generico!$B$3:$C$34,2,FALSE) -> BajCal | H3: Tijuana | I3: Av. Laguna Maymar, 5520, colonia Lagunitas, 3a Sección. Delegación Presa Abelardo L. Rodríguez | J3: Av. Laguna Maymar, 5520, colonia Lagunitas, 3a Sección. Delegación Presa Abelardo L. Rodríguez | M3: =VLOOKUP(L3,Cat_generico!$H$3:$I$34,2,FALSE) -> #N/A | P3: 50 | Q3: Instituto Mexicano del Seguro Social | R3: Instituto Mexicano del Seguro Social | S3: privada | U3: casa | V3: Bueno | W3: Único | X3: consultorio Auxiliar de la Unidad de MF 27 | AA3: 238 | AE3: Ocupado | AI3: Comodato | AK3: Instituto Mexicano del Seguro Social | AM3: FOXCONN BAJA CALIFORNIA S.A. DE C.V | AN3: Juan Carlos Hernández Rodríguez | AO3: Jefe de Serviios Administrativos | AP3: 04/12/2014 | AQ3: indefinida
A4: 85-02673-3 | D4: México | E4: Baja California | F4: CP. 22416. | G4: =VLOOKUP(E4,Cat_generico!$B$3:$C$34,2,FALSE) -> BajCal | H4: Tijuana | I4: Av. Diego Rivera Lote 4 de la Mz 56, 2551, Colonia Zona Río, | J4: Av. Diego Rivera Lote 4 de la Mz 56, 2551, Colonia Zona Río, | M4: =VLOOKUP(L4,Cat_generico!$H$3:$I$34,2,FALSE) -> #N/A | P4: 50 | Q4: Instituto Mexicano del Seguro Social | R4: Instituto Mexicano del Seguro Social | S4: privada | U4: casa | V4: Bueno | W4: Único | X4: consultorio Auxiliar de la Unidad de Medicina Familiar 07 | AA4: 164 | AE4: Ocupado | AI4: otro | AK4: Instituto Mexicano del Seguro Social | AM4: Telefonos del Noroeste S.A. de C.V | AN4: Juan Carlos Hernández Rodríguez | AO4: Jefe de Serviios Administrativos | AP4: 42163 | AQ4: 43990
A5: sin información | D5: México | E5: Baja California | F5: , C.P. 21700 | G5: =VLOOKUP(E5,Cat_generico!$B$3:$C$34,2,FALSE) -> BajCal | H5: Mexicali | I5: Km 26.5 Carretera Pascualitos –Pescadero, sin número, Delegación CFE Cerro Prieto | J5: Km 26.5 Carretera Pascualitos –Pescadero, sin número, Delegación CFE Cerro Prieto | M5: =VLOOKUP(L5,Cat_generico!$H$3:$I$34,2,FALSE) -> #N/A | P5: 50 | Q5: Instituto Mexicano del Seguro Social | R5: Instituto Mexicano del Seguro Social | S5: pública | T5: federal | U5: casa | V5: Bueno | W5: Único | X5: consultorio Auxiliar de la Unidad de Medicina Familiar 05 | AA5: sin información | AE5: Ocupado | AI5: Comodato | AK5: Instituto Mexicano del Seguro Social | AM5: CFE | AN5: Juan Carlos Hernández Rodríguez | AO5: Jefe de Serviios Administrativos | AP5: En proceso de formalización | AQ5: sin información
A6: 85-02643-9 | D6: México | E6: Baja California | F6: C.P. 22706 | G6: =VLOOKUP(E6,Cat_generico!$B$3:$C$34,2,FALSE) -> BajCal | H6: Playas de Rosarito | I6: Lote 1 Manzana 87 del Asentamiento Humano 2, poblado Mazatlán, Lote 1 Manzana 87, colonia Ampliación Benito Juárez, | J6: Lote 1 Manzana 87 del Asentamiento Humano 2, poblado Mazatlán, Lote 1 Manzana 87, colonia Ampliación Benito Juárez, | M6: =VLOOKUP(L6,Cat_generico!$H$3:$I$34,2,FALSE) -> #N/A | P6: 50 | Q6: Instituto Mexicano del Seguro Social | R6: Instituto Mexicano del Seguro Social | S6: pública | U6: casa | V6: Bueno | W6: Único | X6: consultorio Auxiliar de la Unidad de Medicina Familiar 17 | AA6: 112 | AE6: Ocupado | AI6: Comodato | AK6: Instituto Mexicano del Seguro Social | AM6: Ayuntamiento de Playas de Rosarito | AN6: Juan Carlos Hernández Rodríguez | AO6: Jefe de Serviios Administrativos | AP6: 45128 | AQ6: indefinida
A7: 85-03559-0 | D7: México | E7: Baja California | F7: C.P. 22420. | G7: =VLOOKUP(E7,Cat_generico!$B$3:$C$34,2,FALSE) -> BajCal | H7: Tijuana | I7: Boulevard Agua Caliente, 12027, colonia Hipódromo, | J7: Boulevard Agua Caliente, 12027, colonia Hipódromo, | M7: =VLOOKUP(L7,Cat_generico!$H$3:$I$34,2,FALSE) -> #N/A | P7: 50 | Q7: Instituto Mexicano del Seguro Social | R7: Instituto Mexicano del Seguro Social | S7: privada | U7: casa | V7: Bueno | W7: Único | X7: consultorio Auxiliar de la Unidad de Medicina Familiar 07 | AA7: 56 | AE7: Ocupado | AI7: Comodato | AK7: Instituto Mexicano del Seguro Social | AM7: Hipódromo de Agua Caliente S. A de C. V | AN7: Juan Carlos Hernández Rodríguez | AO7: Jefe de Servicios Administrativos | AP7: 43409 | AQ7: 45234
A8: 85-04732-1 | D8: México | E8: Baja California Sur | F8: C.P.23970. | G8: =VLOOKUP(E8,Cat_generico!$B$3:$C$34,2,FALSE) -> BajCalSur | H8: Mulegé | I8: Avenida Benito Juárez, Lote 04, Manzana 24, Localidad o colonia Punta Abreojos | J8: Avenida Benito Juárez, Lote 04, Manzana 24, Localidad o colonia Punta Abreojos | M8: =VLOOKUP(L8,Cat_generico!$H$3:$I$34,2,FALSE) -> #N/A | P8: 50 | Q8: Instituto Mexicano del Seguro Social | R8: Instituto Mexicano del Seguro Social | S8: pública | T8: Municipal | U8: casa | V8: Buena | W8: Único | X8: Consultorio Auxiliar de Medicina Familiar número 17 de la Unidad de Medicina Familiar número 16 Bocana | AA8: 158 | AE8: Ocupado | AI8: Comodato | AK8: Instituto Mexicano del Seguro Social | AM8: H. XV Ayuntamiento de Mulege | AN8: José Victor Acosta García | AO8: Jefe de Servicios Administrativos | AP8: 45231 | AQ8: 46631
A9: 85-04696-0 | D9: México | E9: Baja California Sur | F9: CP 23951 | G9: =VLOOKUP(E9,Cat_generico!$B$3:$C$34,2,FALSE) -> BajCalSur | H9: Mulegé | I9: Domicilio Conocido, sin número, Centro, Isla Natividad, | J9: Domicilio Conocido, sin número, Centro, Isla Natividad, | M9: =VLOOKUP(L9,Cat_generico!$H$3:$I$34,2,FALSE) -> #N/A | P9: 50 | Q9: Instituto Mexicano del Seguro Social | R9: Instituto Mexicano del Seguro Social | S9: privada | U9: casa | V9: Buenas | W9: Único | X9: Consultorio Auxiliar de Medicina Familiar número 18 del Hospital General de Subzona No 5 Guerrero Negro | AA9: 37 | AE9: Ocupado | AI9: Comodato | AK9: Instituto Mexicano del Seguro Social | AM9: Sociedad Cooperativa de Producción Pesquera Buzos y Pescadores de la Baja California, S.C.L. | AN9: José Victor Acosta García | AO9: Jefe de Serviios Administrativos | AP9: 43101 | AQ9: Indefinido
A10: 85-04734-0 | D10: México | E10: Baja California Sur | F10: C.P. 23812 | G10: =VLOOKUP(E10,Cat_generico!$B$3:$C$34,2,FALSE) -> BajCalSur | H10: Comondú | I10: lote 5 manzana 29, Cuadro I, Colonia San Juanico | J10: lote 5 manzana 29, Cuadro I, Colonia San Juanico | M10: =VLOOKUP(L10,Cat_generico!$H$3:$I$34,2,FALSE) -> #N/A | P10: 50 | Q10: Instituto Mexicano del Seguro Social | R10: Instituto Mexicano del Seguro Social | S10: pública | T10: Municipal | U10: casa | V10: Buenas | W10: Único | X10: Consultorio Auxiliar de Medicina Familiar número 21 del Hospital General de Subzona con medicina familiar número 2 CD Constitución. | AA10: 80 | AE10: Ocupado | AI10: Comodato | AK10: Instituto Mexicano del Seguro Social | AM10: Ayuntamiento de Comondú | AN10: José Victor Acosta García | AO10: Jefe de Serviios Administrativos | AP10: 45231 | AQ10: 45559
A11: sin información | D11: México | E11: Baja California Sur | F11: C.P. 23330 | G11: =VLOOKUP(E11,Cat_generico!$B$3:$C$34,2,FALSE) -> BajCalSur | H11: La Paz | I11: 20 de noviembre, Sin número, Los Barriles, | J11: 20 de noviembre, Sin número, Los Barriles, | M11: =VLOOKUP(L11,Cat_generico!$H$3:$I$34,2,FALSE) -> #N/A | P11: 50 | Q11: Instituto Mexicano del Seguro Social | R11: Instituto Mexicano del Seguro Social | S11: pública | T11: Municipal | U11: casa | V11: Buenas | W11: Único | X11: Consultorio Auxiliar de Medicina Familiar número 22 del Hospital General de Zona con medicina familiar No 1 La Paz | AA11: 15 | AE11: Ocupado | AI11: Convenio | AK11: Instituto Mexicano del Seguro Social | AM11: Instituto de Servicios de Salud de BCS | AN11: José Victor Acosta García | AO11: Jefe de Serviios Administrativos | AP11: 34213 | AQ11: Indefinido
A12: sin información | D12: México | E12: Baja California Sur | F12: C.P. 23570 | G12: =VLOOKUP(E12,Cat_generico!$B$3:$C$34,2,FALSE) -> BajCalSur | H12: Los Cabos | I12: Profa Josefina Castillo entre 29 de enero y calle S, sin número, La Ribera, | J12: Profa Josefina Castillo entre 29 de enero y calle S, sin número, La Ribera, | M12: =VLOOKUP(L12,Cat_generico!$H$3:$I$34,2,FALSE) -> #N/A | P12: 50 | Q12: Instituto Mexicano del Seguro Social | R12: Instituto Mexicano del Seguro Social | S12: pública | T12: Municipal | U12: casa | V12: Buenas | W12: Único | X12: Consultorio Auxiliar de Medicina Familiar número 23 de la Unidad de Medicina Familiar número 6 San José del Cabo. | AA12: 9 | AE12: Ocupado | AI12: Convenio | AK12: Instituto Mexicano del Seguro Social | AM12: Instituto de Servicios de Salud de BCS | AN12: José Victor Acosta García | AO12: Jefe de Serviios Administrativos | AP12: 34213 | AQ12: Indefinido
A13: 85-04731-2 | D13: México | E13: Baja California Sur | F13: C.P. 23230 | G13: =VLOOKUP(E13,Cat_generico!$B$3:$C$34,2,FALSE) -> BajCalSur | H13: La Paz | I13: Manzana 1 de la Zona 1, Lote 6, San Juan de los Planes, | J13: Manzana 1 de la Zona 1, Lote 6, San Juan de los Planes, | M13: =VLOOKUP(L13,Cat_generico!$H$3:$I$34,2,FALSE) -> #N/A | P13: 50 | Q13: Instituto Mexicano del Seguro Social | R13: Instituto Mexicano del Seguro Social | S13: pública | T13: Municipal | U13: casa | V13: Buenas | W13: Único | X13: Consultorio Auxiliar de Medicina Familiar número 25 del Hospital General de Zona con Medicina Familiar número 1. | AA13: 106 | AE13: Ocupado | AI13: Convenio | AK13: Instituto Mexicano del Seguro Social | AM13: Instituto de Servicios de Salud de BCS | AN13: José Victor Acosta García | AO13: Jefe de Serviios Administrativos | AP13: 10/21/2021 | AQ13: 45559
A14: sin información | D14: México | E14: Baja California Sur | F14: CP 23834 | G14: =VLOOKUP(E14,Cat_generico!$B$3:$C$34,2,FALSE) -> BajCalSur | H14: Comondú | I14: Lote 01, Manzana 24, Zona 1, Lote 01, Manzana 24, Poblado Las Barrancas, | J14: Lote 01, Manzana 24, Zona 1, Lote 01, Manzana 24, Poblado Las Barrancas, | M14: =VLOOKUP(L14,Cat_generico!$H$3:$I$34,2,FALSE) -> #N/A | P14: 50 | Q14: Instituto Mexicano del Seguro Social | R14: Instituto Mexicano del Seguro Social | S14: privada | T14: Municipal | U14: casa | V14: Buenas | W14: Único | X14: Consultorio Auxiliar de Medicina Familiar número 27 del Hospital General de Subzona número 2 | AA14: 623 | AE14: Ocupado | AI14: otro | AK14: Instituto Mexicano del Seguro Social | AM14: Sociedad Cooperativa de Productores Pesq Puerto Chale, S.C.L. | AN14: José Victor Acosta García | AO14: Jefe de Serviios Administrativos | AP14: sin información | AQ14: sin información
A15: sin información | D15: México | E15: Baja California Sur | F15: C.P. 23300 | G15: =VLOOKUP(E15,Cat_generico!$B$3:$C$34,2,FALSE) -> BajCalSur | H15: La Paz | I15: calle Zaragoza, Sin número, Todos Santos, | J15: calle Zaragoza, Sin número, Todos Santos, | M15: =VLOOKUP(L15,Cat_generico!$H$3:$I$34,2,FALSE) -> #N/A | P15: 50 | Q15: Instituto Mexicano del Seguro Social | R15: Instituto Mexicano del Seguro Social | S15: pública | T15: Municipal | U15: casa | V15: Buenas | W15: Único | X15: Consultorio Auxiliar de Medicina Familiar número 34 del Hospital General de Zona con Medicina Familiar número 1 | AA15: 9 | AE15: Ocupado | AI15: Otro | AK15: Instituto Mexicano del Seguro Social | AM15: Secretaría de Salud del Estado de BCS | AN15: José Victor Acosta García | AO15: Jefe de Serviios Administrativos | AP15: sin información | AQ15: sin información
A16: sin información | D16: México | E16: Baja California Sur | F16: C.P. 23520 | G16: =VLOOKUP(E16,Cat_generico!$B$3:$C$34,2,FALSE) -> BajCalSur | H16: Los Cabos | I16: Boulevard Libertad, Lote 01, manzana 03, colonia Miraflores | J16: Boulevard Libertad, Lote 01, manzana 03, colonia Miraflores | M16: =VLOOKUP(L16,Cat_generico!$H$3:$I$34,2,FALSE) -> #N/A | P16: 50 | Q16: Instituto Mexicano del Seguro Social | R16: Instituto Mexicano del Seguro Social | S16: pública | T16: Municipal | U16: casa | V16: Regular | W16: Único | X16: Consultorio Auxiliar de medicina familiar número 36 de la Unidad de Medicina Familiar 6, San José del Cabo. | AA16: 130 | AE16: Ocupado | AI16: comodato | AK16: Instituto Mexicano del Seguro Social | AM16: Secretaría de Salubridad y Asistencia | AN16: José Victor Acosta García | AO16: Jefe de Serviios Administrativos | AP16: 43831 | AQ16: indefinida
A17: sin información | D17: México | E17: Campeche | F17: C.P. 24904 | G17: =VLOOKUP(E17,Cat_generico!$B$3:$C$34,2,FALSE) -> Campeche | H17: Calkini | I17: Calle 15, 161, Barrio de San Luis Obispo, | J17: Calle 15, 161, Barrio de San Luis Obispo, | M17: =VLOOKUP(L17,Cat_generico!$H$3:$I$34,2,FALSE) -> #N/A | P17: 50 | Q17: Instituto Mexicano del Seguro Social | R17: Instituto Mexicano del Seguro Social | S17: pública | T17: federal | U17: casa | V17: óptimas | W17: Único | X17: Puesto de Fábrica de la Unidad de Medicina Familiar 1 | AA17: 213 | AE17: Ocupado | AI17: Comodato | AK17: Instituto Mexicano del Seguro Social | AM17: Instituto Nacional de los Pueblos Indígenas (INPI) | AN17: José Luis López Macias | AO17: Jefe de Serviios Administrativos | AP17: 45292 | AQ17: 45657
A18: 85-02724-9 | D18: México | E18: Coahuila | F18: C.P. 27610 | G18: =VLOOKUP(E18,Cat_generico!$B$3:$C$34,2,FALSE) -> #N/A | H18: Sierra Mojada | I18: Calle Rodríguez González esq. Mina, sin número, Ejido La Esmeralda, | J18: Calle Rodríguez González esq. Mina, sin número, Ejido La Esmeralda, | M18: =VLOOKUP(L18,Cat_generico!$H$3:$I$34,2,FALSE) -> #N/A | P18: 50 | Q18: Instituto Mexicano del Seguro Social | R18: Instituto Mexicano del Seguro Social | S18: privada | U18: casa | V18: malas | W18: Único | X18: Puesto de Fábrica 72 | AA18: 863 | AE18: Ocupado | AI18: Comodato | AK18: Instituto Mexicano del Seguro Social | AM18: Sociedad Cooperativa de Explotación Minera "Mineros Norteños" S.CL. | AN18: Gerardo Hernández Lopez Romo | AO18: Jefe de Serviios Administrativos | AP18: 42243 | AQ18: 47722
A19: sin información | D19: México | E19: Coahuila | F19: CP. 26363 | G19: =VLOOKUP(E19,Cat_generico!$B$3:$C$34,2,FALSE) -> #N/A | H19: Muzquiz | I19: Calle Mecánicos, zona centro, Rancherías, sin número, Rancherías, | J19: Calle Mecánicos, zona centro, Rancherías, sin número, Rancherías, | M19: =VLOOKUP(L19,Cat_generico!$H$3:$I$34,2,FALSE) -> #N/A | P19: 50 | Q19: Instituto Mexicano del Seguro Social | R19: Instituto Mexicano del Seguro Social | S19: pública | T19: municipal | U19: casa | V19: regulares | W19: Único | X19: Unidad de Medicina Familiar 28 Rancherias | AA19: 723 | AE19: Ocupado | AI19: Otro | AK19: Instituto Mexicano del Seguro Social | AM19: Municipio de Muzquis | AN19: Gerardo Hernández Lopez Romo | AO19: Jefe de Serviios Administrativos
A20: sin información | D20: México | E20: Coahuila | F20: C.P. 27550 | G20: =VLOOKUP(E20,Cat_generico!$B$3:$C$34,2,FALSE) -> #N/A | H20: Nadadores | I20: Avenida Benito Juárez, esquina Manual Acuña, sin número, Zona Centro, | J20: Avenida Benito Juárez, esquina Manual Acuña, sin número, Zona Centro, | M20: =VLOOKUP(L20,Cat_generico!$H$3:$I$34,2,FALSE) -> #N/A | P20: 50 | Q20: Instituto Mexicano del Seguro Social | R20: Instituto Mexicano del Seguro Social | S20: pública | T20: municipal | U20: casa | V20: malas | W20: Único | X20: Unidad de Medicina Familiar 74 Nadadores | AA20: 483 | AE20: Ocupado | AI20: otro | AK20: Instituto Mexicano del Seguro Social | AM20: Municipio Nadadores | AN20: Gerardo Hernández Lopez Romo | AO20: Jefe de Serviios Administrativos | AP20: 32670
A21: 85-04692-3 | D21: México | E21: Coahuila | F21: C.P. 25230 | G21: =VLOOKUP(E21,Cat_generico!$B$3:$C$34,2,FALSE) -> #N/A | H21: Arteaga | I21: zona este del campus Arteaga de la Universidad De Coahuila, sin número, carretera 57 km. 13, | J21: zona este del campus Arteaga de la Universidad De Coahuila, sin número, carretera 57 km. 13, | M21: =VLOOKUP(L21,Cat_generico!$H$3:$I$34,2,FALSE) -> #N/A | P21: 50 | Q21: Instituto Mexicano del Seguro Social | R21: Instituto Mexicano del Seguro Social | S21: privada | U21: terreno | V21: buenas | W21: Único | X21: terreno para instalación de la Unidad de Medicina Familiar 4 | AA21: 1088 | AE21: Ocupado | AI21: comodato | AK21: Instituto Mexicano del Seguro Social | AM21: Universidad Autónoma de Coahuila | AN21: Gerardo Hernández Lopez Romo | AO21: Jefe de Serviios Administrativos | AP21: 44896 | AQ21: 45626
A22: 85-03835-0 | D22: México | E22: Colima | F22: C. P. 28040, | G22: =VLOOKUP(E22,Cat_generico!$B$3:$C$34,2,FALSE) -> Colima | H22: Colima | I22: Calle Francisco J. Mujica, número 1001, colonia INFONAVIT La Estancia | J22: Calle Francisco J. Mujica, número 1001, colonia INFONAVIT La Estancia | M22: =VLOOKUP(L22,Cat_generico!$H$3:$I$34,2,FALSE) -> #N/A | P22: 50 | Q22: Instituto Mexicano del Seguro Social | R22: Instituto Mexicano del Seguro Social | S22: pública | T22: municipal | U22: casa | V22: Buena | W22: Único | X22: Unidad de Medicina Familiar N16 | AA22: 515 | AE22: Ocupado | AI22: comodato | AK22: Instituto Mexicano del Seguro Social | AM22: H. Ayuntamiento Constitucional de Colima | AN22: Daniel Padilla Cruz | AO22: Jefe de Serviios Administrativos | AP22: 33429 | AQ22: hasta que el H. ayuntamiento done un propiedad y el Instituto construya en ella la UMF 16, 30 julio 2008 indefinido
A23: 85-03837-8 | D23: México | E23: Colima | F23: C.P. 28320 | G23: =VLOOKUP(E23,Cat_generico!$B$3:$C$34,2,FALSE) -> Colima | H23: Armeria | I23: Calle Aldama, 14, colonia Centro, Cofradia de Juárez | J23: Calle Aldama, 14, colonia Centro, Cofradia de Juárez | M23: =VLOOKUP(L23,Cat_generico!$H$3:$I$34,2,FALSE) -> #N/A | P23: 50 | Q23: Instituto Mexicano del Seguro Social | R23: Instituto Mexicano del Seguro Social | S23: privada | U23: casa | V23: Buena | W23: Único | X23: Consultorio Médico 7 Unidad de Medicina Familiar 3 | AA23: 48 | AE23: Ocupado | AI23: Comodato | AK23: Instituto Mexicano del Seguro Social | AM23: Ejido de Cofradía de Juárez | AN23: Daniel Padilla Cruz | AO23: Jefe de Serviios Administrativos | AP23: 26451
A24: 85-03665-0 | D24: México | E24: Chiapas | F24: C.P. 30885. | G24: =VLOOKUP(E24,Cat_generico!$B$3:$C$34,2,FALSE) -> Chiapas | H24: Unión de Juárez | I24: Avenida Cuauhtémoc esquina calle Cipreses, Barrio Lázaro Cárdenas, sin número, Ejido Santo Domingo, | J24: Avenida Cuauhtémoc esquina calle Cipreses, Barrio Lázaro Cárdenas, sin número, Ejido Santo Domingo, | M24: =VLOOKUP(L24,Cat_generico!$H$3:$I$34,2,FALSE) -> #N/A | P24: 50 | Q24: Instituto Mexicano del Seguro Social | R24: Instituto Mexicano del Seguro Social | S24: privada | U24: casa | V24: sin información | W24: Único | X24: Unidad de Medicina Familiar 4. | AA24: 276 | AE24: Ocupado | AI24: comodato | AK24: Instituto Mexicano del Seguro Social | AM24: Ejido Santo Domingo. | AN24: Victor Tellez Ramírez | AO24: Jefe de Serviios Administrativos | AP24: 21186 | AQ24: 47399
A25: 85-02885-4 | D25: México | E25: Chiapas | F25: CP. 30800 | G25: =VLOOKUP(E25,Cat_generico!$B$3:$C$34,2,FALSE) -> Chiapas | H25: Tapachula | I25: Finca Maravillas, sin número, colonia Centro, | J25: Finca Maravillas, sin número, colonia Centro, | M25: =VLOOKUP(L25,Cat_generico!$H$3:$I$34,2,FALSE) -> #N/A | P25: 50 | Q25: Instituto Mexicano del Seguro Social | R25: Instituto Mexicano del Seguro Social | S25: privada | U25: casa | V25: sin información | W25: Único | X25: Consultorio Médico Unidad de Medicina Familiar 8 | AA25: 157 | AE25: Ocupado | AI25: Comodato | AK25: Instituto Mexicano del Seguro Social | AM25: Ricardo Enrique Luttmann Fox | AN25: Victor Tellez Ramírez | AO25: Jefe de Serviios Administrativos | AP25: 41920 | AQ25: 47399
A26: 85-03664-0 | D26: México | E26: Chiapas | F26: C.P. 30806. | G26: =VLOOKUP(E26,Cat_generico!$B$3:$C$34,2,FALSE) -> Chiapas | H26: Tapachula | I26: Finca Mexiquito, sin número, Finca Mexiquito, | J26: Finca Mexiquito, sin número, Finca Mexiquito, | M26: =VLOOKUP(L26,Cat_generico!$H$3:$I$34,2,FALSE) -> #N/A | P26: 50 | Q26: Instituto Mexicano del Seguro Social | R26: Instituto Mexicano del Seguro Social | S26: privada | U26: casa | V26: sin información | W26: Único | X26: Unidad de Medicina Familiar 9 | AA26: 118 | AE26: Ocupado | AI26: Comodato | AK26: Instituto Mexicano del Seguro Social | AM26: Elli Berstor H. Pérez | AN26: Victor Tellez Ramírez | AO26: Jefe de Serviios Administrativos | AP26: 9/12/1991 | AQ26: indefinido
A27: 85-03668-7 | D27: México | E27: Chiapas | F27: C.P. 30215. | G27: =VLOOKUP(E27,Cat_generico!$B$3:$C$34,2,FALSE) -> Chiapas | H27: Venustiano Carranza | I27: Carretera Tuxtla Gutiérrez Venustiano Carranza km 60, kilómetro 60, colonia 20 de Noviembre, Central Hidroeléctrica Angostura (Belisario Domínguez), | J27: Carretera Tuxtla Gutiérrez Venustiano Carranza km 60, kilómetro 60, colonia 20 de Noviembre, Central Hidroeléctrica Angostura (Belisario Domínguez), | M27: =VLOOKUP(L27,Cat_generico!$H$3:$I$34,2,FALSE) -> #N/A | P27: 50 | Q27: Instituto Mexicano del Seguro Social | R27: Instituto Mexicano del Seguro Social | S27: pública | U27: casa | V27: sin información | W27: Único | X27: Unidad de Medicina Familiar 20. | AA27: 128 | AE27: Ocupado | AI27: otro | AK27: Instituto Mexicano del Seguro Social | AM27: Comisión Federal de Electricidad | AN27: Victor Tellez Ramírez | AO27: Jefe de Serviios Administrativos | AP27: sin información | AQ27: sin información
A28: 85-03666-9 | D28: México | E28: Chiapas | F28: C.P. 29370 | G28: =VLOOKUP(E28,Cat_generico!$B$3:$C$34,2,FALSE) -> Chiapas | H28: Acalá | I28: Calle recreo entre Av. Bravo, y Madero, Barrio Guadalupe, sin número, colonia Valle de Guadalupe | J28: Calle recreo entre Av. Bravo, y Madero, Barrio Guadalupe, sin número, colonia Valle de Guadalupe | M28: =VLOOKUP(L28,Cat_generico!$H$3:$I$34,2,FALSE) -> #N/A | P28: 50 | Q28: Instituto Mexicano del Seguro Social | R28: Instituto Mexicano del Seguro Social | S28: pública | T28: municipal | U28: casa | V28: sin información | W28: Único | X28: Consultorio de Medicina Familiar Auxiliar de la Unidad de Medicina Familiar 20 | AA28: 255 | AE28: Ocupado | AI28: Comodato | AK28: Instituto Mexicano del Seguro Social | AM28: H. Ayuntamiento Municipal de Acala, Chiapas. | AN28: Victor Tellez Ramírez | AO28: Jefe de Serviios Administrativos | AP28: 38139 | AQ28: sin información
A29: 85-03667-8 | D29: México | E29: Chiapas | F29: C.P. 29640 | G29: =VLOOKUP(E29,Cat_generico!$B$3:$C$34,2,FALSE) -> Chiapas | H29: Chicoasén | I29: Circuito Carretera Tuxtla Gutierrez-Chicoasén, sin número, Presa Chicoasen km 40. | J29: Circuito Carretera Tuxtla Gutierrez-Chicoasén, sin número, Presa Chicoasen km 40. | M29: =VLOOKUP(L29,Cat_generico!$H$3:$I$34,2,FALSE) -> #N/A | P29: 50 | Q29: Instituto Mexicano del Seguro Social | R29: Instituto Mexicano del Seguro Social | S29: pública | U29: casa | V29: sin información | W29: Único | X29: Unidad de Medicina Familiar 21. | AA29: 534 | AE29: Ocupado | AI29: otro | AK29: Instituto Mexicano del Seguro Social | AM29: Comisión Federal de Electricidad | AN29: Victor Tellez Ramírez | AO29: Jefe de Serviios Administrativos | AP29: sin información | AQ29: sin información
A30: Sin información | D30: México | E30: Chihuahua | F30: C.P. 33587 | G30: =VLOOKUP(E30,Cat_generico!$B$3:$C$34,2,FALSE) -> Chihuahua | H30: Santa Bárbara Parral, | I30: Calle Lerdo, 20, colonia 18 de Marzo | J30: Calle Lerdo, 20, colonia 18 de Marzo | M30: =VLOOKUP(L30,Cat_generico!$H$3:$I$34,2,FALSE) -> #N/A | P30: 50 | Q30: Instituto Mexicano del Seguro Social | R30: Instituto Mexicano del Seguro Social | S30: privada | U30: casa | V30: Buena | W30: Único | X30: Unidad de medicina Familiar 8 | AA30: 639 | AE30: Ocupado | AI30: otro | AK30: Instituto Mexicano del Seguro Social | AM30: Industrial Minera de México, S.A. de C.V. y Sindicato de Mineros Secc. 11 | AN30: Mónica Reyes Chávez | AO30: Jefe de Serviios Administrativos | AP30: Sin información | AQ30: Sin información
A31: Sin información | D31: México | E31: Chihuahua | F31: C.P. 33640 | G31: =VLOOKUP(E31,Cat_generico!$B$3:$C$34,2,FALSE) -> Chihuahua | H31: El Saucillo, | I31: Prolongación Hidalgo, sin número, colonia Naica | J31: Prolongación Hidalgo, sin número, colonia Naica | M31: =VLOOKUP(L31,Cat_generico!$H$3:$I$34,2,FALSE) -> #N/A | P31: 50 | Q31: Instituto Mexicano del Seguro Social | R31: Instituto Mexicano del Seguro Social | S31: privada | U31: casa | V31: Buena | W31: Único | X31: Unidad de medicina Familiar con Hospitalización 25 | AA31: 787 | AE31: Ocupado | AI31: otro | AK31: Instituto Mexicano del Seguro Social | AM31: Minera Maple, S.A. de C.V. y Sindicato de Mienros Secc. 30 | AN31: Mónica Reyes Chávez | AO31: Jefe de Serviios Administrativos | AP31: Sin información | AQ31: Sin información
A32: sin información | D32: México | E32: Chihuahua | F32: C.P. 31953 | G32: =VLOOKUP(E32,Cat_generico!$B$3:$C$34,2,FALSE) -> Chihuahua | H32: Madera | I32: Calle El Huracán, sin número, Col. Mesa del Huracán | J32: Calle El Huracán, sin número, Col. Mesa del Huracán | M32: =VLOOKUP(L32,Cat_generico!$H$3:$I$34,2,FALSE) -> #N/A | P32: 50 | Q32: Instituto Mexicano del Seguro Social | R32: Instituto Mexicano del Seguro Social | S32: pública | T32: municipal | U32: casa | V32: Buena | W32: Único | X32: Unidad de Medicina Familiar 7 Mesa Huracán | AA32: 223 | AE32: Ocupado | AI32: otro | AK32: Instituto Mexicano del Seguro Social | AM32: Municipio de Ciudad Juárez | AN32: Mónica Reyes Chávez | AO32: Jefe de Serviios Administrativos | AP32: 35377 | AQ32: indefinido
A33: sin información | D33: México | E33: Chihuahua | F33: C.P. 32170 | G33: =VLOOKUP(E33,Cat_generico!$B$3:$C$34,2,FALSE) -> Chihuahua | H33: Ciudad Juárez | I33: Lic. Soto y Gama, sin número, Col. Francisco I. Madero, | J33: Lic. Soto y Gama, sin número, Col. Francisco I. Madero, | M33: =VLOOKUP(L33,Cat_generico!$H$3:$I$34,2,FALSE) -> #N/A | P33: 50 | Q33: Instituto Mexicano del Seguro Social | R33: Instituto Mexicano del Seguro Social | S33: pública | T33: municipal | U33: casa | V33: Buena | W33: Único | X33: Unidad de Medicina Familiar 62 | AA33: 844 | AE33: Ocupado | AI33: comodato | AK33: Instituto Mexicano del Seguro Social | AM33: Municipio de Ciudad Juárez | AO33: Jefe de Serviios Administrativos | AP33: 35236 | AQ33: indefinida
A34: sin información | D34: México | E34: Chihuahua | F34: C.P. 32220, | G34: =VLOOKUP(E34,Cat_generico!$B$3:$C$34,2,FALSE) -> Chihuahua | H34: Ciudad Juárez | I34: Coatepec y Almoloya, 4829, colonia Diaz Ordaz | J34: Coatepec y Almoloya, 4829, colonia Diaz Ordaz | M34: =VLOOKUP(L34,Cat_generico!$H$3:$I$34,2,FALSE) -> #N/A | P34: 50 | Q34: Instituto Mexicano del Seguro Social | R34: Instituto Mexicano del Seguro Social | S34: pública | T34: municipal | U34: casa | V34: Buena | W34: Único | X34: Unidad de Medicina Familiar 63 | AA34: 223 | AE34: Ocupado | AI34: comodato | AK34: Instituto Mexicano del Seguro Social | AM34: Municipio de Ciudad Juárez | AN34: Mónica Reyes Chávez | AO34: Jefe de Serviios Administrativos | AP34: 35389 | AQ34: indefinida
A35: 85-02497-1 | D35: México | E35: Guanajuato | F35: C.P. 36557. | G35: =VLOOKUP(E35,Cat_generico!$B$3:$C$34,2,FALSE) -> Guanajuato | H35: Irapuato | I35: Calle Arcadio Ramírez, sin número, colonia Benito Juárez II, | J35: Calle Arcadio Ramírez, sin número, colonia Benito Juárez II, | M35: =VLOOKUP(L35,Cat_generico!$H$3:$I$34,2,FALSE) -> #N/A | P35: 50 | Q35: Instituto Mexicano del Seguro Social | R35: Instituto Mexicano del Seguro Social | S35: pública | T35: municipal | U35: casa | V35: Buenas | W35: Único | X35: Centro de Conocimientos y Esquema Modificado CECEM Irapuato | AA35: 2032 | AE35: Ocupado | AI35: Comodato | AK35: Instituto Mexicano del Seguro Social | AM35: H. Ayuntamiento de Irapuato | AN35: Delia Guadalupe Isaias Vera | AO35: Jefe de Serviios Administrativos | AP35: 33843 | AQ35: indefinida
A36: 85-02498-0 | D36: México | E36: Guanajuato | F36: C.P. 38030. | G36: =VLOOKUP(E36,Cat_generico!$B$3:$C$34,2,FALSE) -> Guanajuato | H36: Celaya | I36: Genovevo de la O, 120, colonia Emiliano Zapata, | J36: Genovevo de la O, 120, colonia Emiliano Zapata, | M36: =VLOOKUP(L36,Cat_generico!$H$3:$I$34,2,FALSE) -> #N/A | P36: 50 | Q36: Instituto Mexicano del Seguro Social | R36: Instituto Mexicano del Seguro Social | S36: pública | T36: municipal | U36: casa | V36: Regulares | W36: Único | X36: Centro de Conocimientos y Esquema Modificado CECEM Celaya | AA36: 2003 | AE36: Ocupado | AI36: otro | AK36: Instituto Mexicano del Seguro Social | AM36: H. Ayuntamiento de Celaya | AN36: Delia Guadalupe Isaias Vera | AO36: Jefe de Serviios Administrativos | AP36: 33843 | AQ36: no esta firmado
A37: 85-02499-0 | D37: México | E37: Guanajuato | F37: C.P. 36015 | G37: =VLOOKUP(E37,Cat_generico!$B$3:$C$34,2,FALSE) -> Guanajuato | H37: Guanajuato | I37: Antiguo camino a Rayas, 20, colonia Cerro del Cuarto, | J37: Antiguo camino a Rayas, 20, colonia Cerro del Cuarto, | M37: =VLOOKUP(L37,Cat_generico!$H$3:$I$34,2,FALSE) -> #N/A | P37: 50 | Q37: Instituto Mexicano del Seguro Social | R37: Instituto Mexicano del Seguro Social | S37: pública | T37: municipal | U37: casa | V37: Regulares | W37: Único | X37: Centro de Conocimientos y Esquema Modificado CECEM Guanajuato | AA37: 858 | AE37: Ocupado | AI37: Comodato | AK37: Instituto Mexicano del Seguro Social | AM37: Sistema para el Desarrollo Integral de la Familia del Estado de Guanajuato | AN37: Delia Guadalupe Isaias Vera | AO37: Jefe de Serviios Administrativos | AP37: 33157 | AQ37: 39001
A38: RFI 11-3186-5 | D38: México | E38: Guanajuato | F38: C.P. 36000. | G38: =VLOOKUP(E38,Cat_generico!$B$3:$C$34,2,FALSE) -> Guanajuato | H38: Guanajuato | I38: Palacio Federal Guanajuato, calle Sopeña, 1, colonia Centro, | J38: Palacio Federal Guanajuato, calle Sopeña, 1, colonia Centro, | M38: =VLOOKUP(L38,Cat_generico!$H$3:$I$34,2,FALSE) -> #N/A | P38: 50 | Q38: Instituto Mexicano del Seguro Social | R38: Instituto de Administración y Avalúos de Bienes Nacionales | S38: pública | U38: edificio | V38: Buenas | W38: compartido | X38: Subdelegación Guanajuato | AA38: 1204 | AE38: Ocupado | AI38: comodato | AK38: Instituto Mexicano del Seguro Social | AM38: INDAABIN | AN38: Delia Guadalupe Isaias Vera | AO38: Jefe de Serviios Administrativos | AP38: 45292 | AQ38: 45657
A39: 85-02501-0 | D39: México | E39: Guanajuato | F39: C.P. 36010 | G39: =VLOOKUP(E39,Cat_generico!$B$3:$C$34,2,FALSE) -> Guanajuato | H39: Guanajuato | I39: Ex Hacienda de Bustos, Minera de Cata, sin número, colonia Cata, | J39: Ex Hacienda de Bustos, Minera de Cata, sin número, colonia Cata, | M39: =VLOOKUP(L39,Cat_generico!$H$3:$I$34,2,FALSE) -> #N/A | P39: 50 | Q39: Instituto Mexicano del Seguro Social | R39: Instituto Mexicano del Seguro Social | S39: privada | U39: casa | V39: Regulares | W39: único | X39: Unidad de Medicina Familiar N°50 | AA39: 1133 | AE39: Ocupado | AI39: Comodato | AK39: Instituto Mexicano del Seguro Social | AM39: Minera Mexicana El Rosario S.A. de C.V. | AN39: Delia Guadalupe Isaias Vera | AO39: Jefe de Serviios Administrativos | AP39: 45292 | AQ39: 45838
A40: sin información | D40: México | E40: Guerrero | F40: C.P. 39406 | G40: =VLOOKUP(E40,Cat_generico!$B$3:$C$34,2,FALSE) -> Guerrero | H40: Acapulco de Juárez | I40: El Veladero, Mz 124, colonia Paraiso, polígono "D" | J40: El Veladero, Mz 124, colonia Paraiso, polígono "D" | M40: =VLOOKUP(L40,Cat_generico!$H$3:$I$34,2,FALSE) -> #N/A | P40: 50 | Q40: Instituto Mexicano del Seguro Social | R40: Instituto Mexicano del Seguro Social | S40: privada | U40: casa | V40: buen estado | W40: único | X40: Centro de Extensión de Conocimientos Modificado Poligono D | AA40: 2241 | AE40: Ocupado | AI40: Comodato | AK40: Instituto Mexicano del Seguro Social | AM40: Fideicomiso Acapulco. FIDEACA | AN40: Moises Siddharta Bailon Jiménez | AO40: Jefe de Serviios Administrativos | AP40: 33399 | AQ40: indefinido
A41: sin información | D41: México | E41: Guerrero | F41: C.P. 39810 | G41: =VLOOKUP(E41,Cat_generico!$B$3:$C$34,2,FALSE) -> Guerrero | H41: Acapulco de Juárez | I41: Avenida Gran Vía Coloso, Sección 19, Sección 19, colonia El Coloso Unidad Habitacional | J41: Avenida Gran Vía Coloso, Sección 19, Sección 19, colonia El Coloso Unidad Habitacional | M41: =VLOOKUP(L41,Cat_generico!$H$3:$I$34,2,FALSE) -> #N/A | P41: 50 | Q41: Instituto Mexicano del Seguro Social | R41: Instituto Mexicano del Seguro Social | S41: privada | U41: casa | V41: buen estado | W41: único | X41: Unidad de Medicina Familiar No. 28 | AA41: 455 | AE41: Ocupado | AI41: otro | AK41: Instituto Mexicano del Seguro Social | AM41: se desconoce | AN41: Moises Siddharta Bailon Jiménez | AO41: Jefe de Serviios Administrativos | AP41: 36009 | AQ41: pendiente
A42: 85-02302-5 | D42: México | E42: Hidaldo | F42: C.P. 42840 | G42: =VLOOKUP(E42,Cat_generico!$B$3:$C$34,2,FALSE) -> #N/A | H42: Tula de Allende | I42: Avenida Cruz Azul, sin número, Colonia Ciudad Cooperativa Cruz Azul, | J42: Avenida Cruz Azul, sin número, Colonia Ciudad Cooperativa Cruz Azul, | M42: =VLOOKUP(L42,Cat_generico!$H$3:$I$34,2,FALSE) -> #N/A | P42: 50 | Q42: Instituto Mexicano del Seguro Social | R42: Instituto Mexicano del Seguro Social | S42: privada | U42: casa | V42: Buenas | W42: único | X42: Unidad de Medicina Familiar N°9 | AA42: 318 | AE42: Ocupado | AI42: Comodato | AK42: Instituto Mexicano del Seguro Social | AM42: Sociedad Cooperativa la Cruz Azul, S.C.L | AN42: Gerardo Ignacio Amador Ortiz | AO42: Jefe de Serviios Administrativos | AP42: 41426 | AQ42: 31/05/2033
A43: 85-02300-7 | D43: México | E43: Jalisco | F43: C.P.44600 | G43: =VLOOKUP(E43,Cat_generico!$B$3:$C$34,2,FALSE) -> Jalisco | H43: Guadalajara | I43: General Coronado Sector Hidalgo, 423, colonia Santa Teresita S.J., | J43: General Coronado Sector Hidalgo, 423, colonia Santa Teresita S.J., | M43: =VLOOKUP(L43,Cat_generico!$H$3:$I$34,2,FALSE) -> #N/A | P43: 50 | Q43: Instituto Mexicano del Seguro Social | R43: Instituto Mexicano del Seguro Social | S43: pública | T43: municipal | U43: edificio | V43: Buenas | W43: único | X43: Hospital I Dr. Juan I Menchaca (Infectología) | AA43: 883 | AE43: Ocupado | AI43: Comodato | AK43: Instituto Mexicano del Seguro Social | AM43: Municipio de Guadalajara | AN43: Miguel Angel Navarro Estrada | AO43: Jefe de Serviios Administrativos | AP43: 39661 | AQ43: 31/07/2107
A44: 85-02303-4 | D44: México | E44: Jalisco | F44: C.P. 44100 | G44: =VLOOKUP(E44,Cat_generico!$B$3:$C$34,2,FALSE) -> Jalisco | H44: Guadalajara | I44: Calle Alejandro esquina Fidias, 3132, colonia Vallarta San Jorge, | J44: Calle Alejandro esquina Fidias, 3132, colonia Vallarta San Jorge, | M44: =VLOOKUP(L44,Cat_generico!$H$3:$I$34,2,FALSE) -> #N/A | P44: 50 | Q44: Instituto Mexicano del Seguro Social | R44: Instituto Mexicano del Seguro Social | S44: privada | U44: casa | V44: Buenas | W44: único | X44: Guardería 5 | AA44: 1600 | AE44: Ocupado | AI44: Comodato | AK44: Instituto Mexicano del Seguro Social | AM44: Teléfonos de México,S.A.B.. de C.V | AN44: Miguel Angel Navarro Estrada | AO44: Jefe de Serviios Administrativos | AP44: 41754 | AQ44: 43945
A45: 85-02301-6 | D45: México | E45: Jalisco | F45: C.P. 46760 | G45: =VLOOKUP(E45,Cat_generico!$B$3:$C$34,2,FALSE) -> Jalisco | H45: Teuchitlan | I45: Terreno conocido como las Caballerizas Andador Jazmín y/o Hiliaron Romero Gil, | J45: Terreno conocido como las Caballerizas Andador Jazmín y/o Hiliaron Romero Gil, | M45: =VLOOKUP(L45,Cat_generico!$H$3:$I$34,2,FALSE) -> #N/A | P45: 50 | Q45: Instituto Mexicano del Seguro Social | R45: Instituto Mexicano del Seguro Social | S45: privada | U45: casa | V45: Buenas | W45: único | X45: Unidad de Medicina Familiar 98 | AA45: 549 | AE45: Ocupado | AI45: Comodato | AK45: Instituto Mexicano del Seguro Social | AM45: Ejido Teuchitlan y H. Ayuntamiento de Teuchitlan. | AN45: Miguel Angel Navarro Estrada | AO45: Jefe de Serviios Administrativos | AP45: 41729 | AQ45: 43921
A46: 85-02299-5 | D46: México | E46: Jalisco | F46: C.P.47190 | G46: =VLOOKUP(E46,Cat_generico!$B$3:$C$34,2,FALSE) -> Jalisco | H46: San Ignacio Cerro Gordo | I46: sin número, colonia Teuchitlán, | J46: sin número, colonia Teuchitlán, | M46: =VLOOKUP(L46,Cat_generico!$H$3:$I$34,2,FALSE) -> #N/A | P46: 50 | Q46: Instituto Mexicano del Seguro Social | R46: Instituto Mexicano del Seguro Social | S46: pública | T46: municipal | U46: casa | V46: Buenas | W46: único | X46: Unidad de Medicina Familiar 183 | AA46: 143 | AE46: Ocupado | AI46: Comodato | AK46: Instituto Mexicano del Seguro Social | AM46: H. Ayuntamiento Constitucional de San Ignacio Cerro Gordo | AN46: Miguel Angel Navarro Estrada | AO46: Jefe de Serviios Administrativos | AP46: 42436 | AQ46: 46088
A47: 85-02298-6 | D47: México | E47: Jalisco | F47: C.P. 48570 | G47: =VLOOKUP(E47,Cat_generico!$B$3:$C$34,2,FALSE) -> Jalisco | H47: Tenamaxtlan | I47: Calle Niños Héroes antes (Moctezuma), 182, colonia Cerro Gordo | J47: Calle Niños Héroes antes (Moctezuma), 182, colonia Cerro Gordo | M47: =VLOOKUP(L47,Cat_generico!$H$3:$I$34,2,FALSE) -> #N/A | P47: 50 | Q47: Instituto Mexicano del Seguro Social | R47: Instituto Mexicano del Seguro Social | S47: privada | U47: casa | V47: Buenas | W47: único | X47: Unidad de Atención y Fomento a la Salud 154 | AA47: 161 | AE47: Ocupado | AI47: Comodato | AK47: Instituto Mexicano del Seguro Social | AM47: Ejido Tenamaxtlan Ayuntamiendo Tenamaxtlan | AN47: Miguel Angel Navarro Estrada | AO47: Jefe de Serviios Administrativos | AP47: 42881 | AQ47: 46532
A48: 85-03558-1 | D48: México | E48: Jalisco | F48: C.P. 47170 | G48: =VLOOKUP(E48,Cat_generico!$B$3:$C$34,2,FALSE) -> Jalisco | H48: San Julián | I48: Calle Mercedes de la Cruz, 2,colonia Centro, | J48: Calle Mercedes de la Cruz, 2,colonia Centro, | M48: =VLOOKUP(L48,Cat_generico!$H$3:$I$34,2,FALSE) -> #N/A | P48: 50 | Q48: Instituto Mexicano del Seguro Social | R48: Instituto Mexicano del Seguro Social | S48: pública | T48: municipal | U48: casa | V48: Buenas | W48: único | X48: Unidad de Medicina Familiar 132 | AA48: 437 | AE48: Ocupado | AI48: Comodato | AK48: Instituto Mexicano del Seguro Social | AM48: Ayuntamiento Constitucional de San Julian, Jalisco | AN48: Miguel Angel Navarro Estrada | AO48: Jefe de Serviios Administrativos | AP48: 43619 | AQ48: 47272
A49: sin información | D49: México | E49: Jalisco | F49: C.P. 49430 | G49: =VLOOKUP(E49,Cat_generico!$B$3:$C$34,2,FALSE) -> Jalisco | H49: Tuxcueca | I49: Calle C21, Profesora Margarita Álvarez Tostado, entre las calle Andrés Angulo y Miguel Márquez Padilla, 90, colonia 23 de mayo, | J49: Calle C21, Profesora Margarita Álvarez Tostado, entre las calle Andrés Angulo y Miguel Márquez Padilla, 90, colonia 23 de mayo, | M49: =VLOOKUP(L49,Cat_generico!$H$3:$I$34,2,FALSE) -> #N/A | P49: 50 | Q49: Instituto Mexicano del Seguro Social | R49: Instituto Mexicano del Seguro Social | S49: pública | T49: municipal | U49: casa | V49: Buenas | W49: único | X49: Unidad de Atención y Fomento a la Salud 156 | AA49: 149 | AE49: Ocupado | AI49: otro | AK49: Instituto Mexicano del Seguro Social | AM49: Ayuntamiento de Tuxcuenca | AN49: Miguel Angel Navarro Estrada | AO49: Jefe de Serviios Administrativos | AP49: 44284 | AQ49: 45380
A50: sin información | D50: México | E50: Jalisco | F50: C.P. 48700, | G50: =VLOOKUP(E50,Cat_generico!$B$3:$C$34,2,FALSE) -> Jalisco | H50: El Limón | I50: calle de Emiliano Zapata esquina calle Ocampo, sin número, colonia Centro, | J50: calle de Emiliano Zapata esquina calle Ocampo, sin número, colonia Centro, | M50: =VLOOKUP(L50,Cat_generico!$H$3:$I$34,2,FALSE) -> #N/A | P50: 50 | Q50: Instituto Mexicano del Seguro Social | R50: Instituto Mexicano del Seguro Social | S50: pública | T50: municipal | U50: casa | V50: Buenas | W50: único | X50: Unidad de Medicina Familiar 37 Ing. Melchor | AA50: 89 | AE50: Ocupado | AI50: otro | AK50: Instituto Mexicano del Seguro Social | AM50: Municipio Limón | AN50: Miguel Angel Navarro Estrada | AO50: Jefe de Serviios Administrativos
A51: sin información | D51: México | E51: Jalisco | F51: C.P. 45198, | G51: =VLOOKUP(E51,Cat_generico!$B$3:$C$34,2,FALSE) -> #N/A | H51: Zapopan | I51: Calle matamoros, 4, colonia Centro, | J51: Calle matamoros, 4, colonia Centro, | M51: =VLOOKUP(L51,Cat_generico!$H$3:$I$34,2,FALSE) -> #N/A | P51: 50 | Q51: Instituto Mexicano del Seguro Social | R51: Instituto Mexicano del Seguro Social | S51: pública | T51: municipal | U51: casa | V51: Regular | W51: único | X51: Unidad de Medicina Familiar 8 Experiencia | AA51: 757 | AE51: Ocupado | AI51: otro | AK51: Instituto Mexicano del Seguro Social | AM51: Municipio Zapopan | AN51: Miguel Angel Navarro Estrada | AO51: Jefe de Serviios Administrativos
A52: sin información | D52: México | E52: Estado de México | F52: C. P. 54075 | G52: =VLOOKUP(E52,Cat_generico!$B$3:$C$34,2,FALSE) -> #N/A | H52: Tlalnepantla de Baz | I52: Avenida Imperio Sur, 18, colonia Experiencia | J52: Avenida Imperio Sur, 18, colonia Experiencia | M52: =VLOOKUP(L52,Cat_generico!$H$3:$I$34,2,FALSE) -> #N/A | P52: 50 | Q52: Instituto Mexicano del Seguro Social | R52: Instituto Mexicano del Seguro Social | S52: pública | T52: municipal | U52: casa | V52: Buenas | W52: único | X52: Centro de Seguridad Social | AA52: Superficie ocupada: 1,356.78 m2 | AE52: Ocupado | AI52: Comodato | AK52: Instituto Mexicano del Seguro Social | AM52: Municipio de Tlalnepantla de Baz, Estado de México | AN52: Francisco Javier Garduño Herrera | AO52: Jefe de Serviios Administrativos | AP52: 33642 | AQ52: 34311
A53: sin información | D53: México | E53: Estado de México | F53: C. P. 54763, | G53: =VLOOKUP(E53,Cat_generico!$B$3:$C$34,2,FALSE) -> #N/A | H53: Cuautitlán de Izcalli | I53: Av. Presidente Juárez s/n, Unidad Habitacional "Los Tejavanes, sin número, Colonia Los Reyes, | J53: Av. Presidente Juárez s/n, Unidad Habitacional "Los Tejavanes, sin número, Colonia Los Reyes, | M53: =VLOOKUP(L53,Cat_generico!$H$3:$I$34,2,FALSE) -> #N/A | P53: 50 | Q53: Instituto Mexicano del Seguro Social | R53: Instituto Mexicano del Seguro Social | S53: privada | U53: casa | V53: Buenas | W53: único | X53: Unidad de Medicina Familiar 59 | AA53: 1356 | AE53: Ocupado | AI53: otro | AK53: Instituto Mexicano del Seguro Social | AM53: Extinto Sindicato Mexicano de Electricistas (sme) | AN53: Francisco Javier Garduño Herrera | AO53: Jefe de Serviios Administrativos | AP53: sin información | AQ53: sin información
A54: 85-04037-6 | D54: México | E54: Estado de México | F54: C.P. 52977 | G54: =VLOOKUP(E54,Cat_generico!$B$3:$C$34,2,FALSE) -> #N/A | H54: Atizapán de Zaragoza | I54: Autopista México Querétaro km 32.5, kilómetro 32.5, Colonia Lecheria San Martín Tepetlixpan | J54: Autopista México Querétaro km 32.5, kilómetro 32.5, Colonia Lecheria San Martín Tepetlixpan | M54: =VLOOKUP(L54,Cat_generico!$H$3:$I$34,2,FALSE) -> #N/A | P54: 50 | Q54: Instituto Mexicano del Seguro Social | R54: Instituto Mexicano del Seguro Social | S54: municipal | T54: municipal | U54: casa | V54: sin información | W54: único | X54: Unidad de Medicina Familiar 192, Dirección de la Unidad Médica | AA54: 359 | AE54: Ocupado | AI54: Comodato | AK54: Instituto Mexicano del Seguro Social | AM54: Ayuntamiento de Atizapan de Zaragoza. | AN54: Noé Olvera Villanueva | AO54: Jefe de Serviios Administrativos | AP54: 44592 | AQ54: indefinido
A55: sin información | D55: México | E55: Estado de México | F55: C.P. 50090 | G55: =VLOOKUP(E55,Cat_generico!$B$3:$C$34,2,FALSE) -> #N/A | H55: Toluca | I55: Avenida Villa de Allende Ciudad López Materos, sin número, colonia López de Atizapan, | J55: Avenida Villa de Allende Ciudad López Materos, sin número, colonia López de Atizapan, | M55: =VLOOKUP(L55,Cat_generico!$H$3:$I$34,2,FALSE) -> #N/A | P55: 50 | Q55: Instituto Mexicano del Seguro Social | R55: Instituto Mexicano del Seguro Social | S55: pública | U55: casa | V55: buenas | W55: único | X55: Unidad de Medicina Familiar N°225 | AA55: 210 | AE55: Ocupado | AI55: Comodato | AK55: Instituto Mexicano del Seguro Social | AM55: Comisión Federal de Electricidad | AN55: Noé Olvera Villanueva | AO55: Jefe de Serviios Administrativos | AP55: 45121 | AQ55: 63384
A56: 85-04035-8 | D56: México | E56: Estado de México | F56: C.P. 50360 | G56: =VLOOKUP(E56,Cat_generico!$B$3:$C$34,2,FALSE) -> #N/A | H56: Aculco | I56: Av. José María Pino Suarez esq. Instituto Literario, sin número, colonia San Sebastián, | J56: Av. José María Pino Suarez esq. Instituto Literario, sin número, colonia San Sebastián, | M56: =VLOOKUP(L56,Cat_generico!$H$3:$I$34,2,FALSE) -> #N/A | P56: 50 | Q56: Instituto Mexicano del Seguro Social | R56: Instituto Mexicano del Seguro Social | S56: pública | T56: municipal | U56: casa | V56: sin información | W56: único | X56: Unidad de Medicina Familiar N°245 | AA56: 751 | AE56: Ocupado | AI56: Comodato | AK56: Instituto Mexicano del Seguro Social | AM56: H. Ayuntamiento de Aculco | AN56: Noé Olvera Villanueva | AO56: Jefe de Serviios Administrativos | AP56: 32568 | AQ56: indefinido
A57: 85-02810-1 | D57: México | E57: Estado de México | F57: C.P. 50700. | G57: =VLOOKUP(E57,Cat_generico!$B$3:$C$34,2,FALSE) -> #N/A | H57: Jocotitlán | I57: Calle Epifanio Sánchez, 6, Ex Hacienda "Rancho las Conchitas", | J57: Calle Epifanio Sánchez, 6, Ex Hacienda "Rancho las Conchitas", | M57: =VLOOKUP(L57,Cat_generico!$H$3:$I$34,2,FALSE) -> #N/A | P57: 50 | Q57: Instituto Mexicano del Seguro Social | R57: Instituto Mexicano del Seguro Social | S57: pública | T57: municipal | U57: casa | V57: buenas | W57: único | X57: Unidad de Medicina Familiar N° 246 | AA57: 615 | AE57: Ocupado | AI57: Comodato | AK57: Instituto Mexicano del Seguro Social | AM57: Municipio de Jocotitlán | AN57: Noé Olvera Villanueva | AO57: Jefe de Serviios Administrativos | AP57: 45341 | AQ57: 45657
A58: 85-04034-9 | D58: México | E58: Estado de México | F58: C.P. 52330 | G58: =VLOOKUP(E58,Cat_generico!$B$3:$C$34,2,FALSE) -> #N/A | H58: Tenango del Valle | I58: Calle Elvira Hernández, sin número, Barrio de San Juan, | J58: Calle Elvira Hernández, sin número, Barrio de San Juan, | M58: =VLOOKUP(L58,Cat_generico!$H$3:$I$34,2,FALSE) -> #N/A | P58: 50 | Q58: Instituto Mexicano del Seguro Social | R58: Instituto Mexicano del Seguro Social | S58: pública | U58: casa | V58: buenas | W58: único | X58: Unidad de Medicina Familiar N°247 | AA58: 436 | AE58: Ocupado | AI58: Comodato | AK58: Instituto Mexicano del Seguro Social | AM58: Comisión Federal de Electricidad | AN58: Noé Olvera Villanueva | AO58: Jefe de Serviios Administrativos | AP58: 45121 | AQ58: 63384
A59: 85-04036-7 | D59: México | E59: Estado de México | F59: C.P. 54470 | G59: =VLOOKUP(E59,Cat_generico!$B$3:$C$34,2,FALSE) -> #N/A | H59: Nicolás Romero | I59: Calle Ignacio Zaragoza esquina con Deportistas, sin número, colonia Zictepec, | J59: Calle Ignacio Zaragoza esquina con Deportistas, sin número, colonia Zictepec, | M59: =VLOOKUP(L59,Cat_generico!$H$3:$I$34,2,FALSE) -> #N/A | P59: 50 | Q59: Instituto Mexicano del Seguro Social | R59: Instituto Mexicano del Seguro Social | S59: municipal | T59: municipal | U59: casa | V59: sin información | W59: único | X59: Centro de Seguridad Social "San Ildefonso" | AA59: 729 | AE59: Ocupado | AI59: Comodato | AK59: Instituto Mexicano del Seguro Social | AM59: Municipio de Nicolás Romero | AN59: Noé Olvera Villanueva | AO59: Jefe de Serviios Administrativos | AP59: 45351 | AQ59: 45657
A60: sin información | D60: México | E60: Estado de México | F60: C.P. 50150 | G60: =VLOOKUP(E60,Cat_generico!$B$3:$C$34,2,FALSE) -> #N/A | H60: Toluca | I60: Calle Jaime Nuno, sin número, colonia San Ildefonso, | J60: Calle Jaime Nuno, sin número, colonia San Ildefonso, | M60: =VLOOKUP(L60,Cat_generico!$H$3:$I$34,2,FALSE) -> #N/A | P60: 50 | Q60: Instituto Mexicano del Seguro Social | R60: Instituto Mexicano del Seguro Social | S60: pública | T60: estatal | U60: casa | V60: Buenas | W60: único | X60: Unidad de Medicina Familiar 230 | AA60: 250 | AE60: Ocupado | AI60: otro | AK60: Instituto Mexicano del Seguro Social | AM60: Gobierno del Estado | AN60: Noé Olvera Villanueva | AO60: Jefe de Serviios Administrativos
A61: sin información | D61: México | E61: Michoacán | F61: C.P. 58000 | G61: =VLOOKUP(E61,Cat_generico!$B$3:$C$34,2,FALSE) -> #N/A | H61: Morelia | I61: Palacio Federal de Morelia Avenida Francisco I. Madero Oriente, 369, Colonia Centro, | J61: Palacio Federal de Morelia Avenida Francisco I. Madero Oriente, 369, Colonia Centro, | M61: =VLOOKUP(L61,Cat_generico!$H$3:$I$34,2,FALSE) -> #N/A | P61: 50 | Q61: Instituto Nacional de Antropologia e Historia | R61: Instituto Nacional de Antropologia e Historia | S61: pública | T61: federal | U61: edificio | V61: buenas | W61: compartido | X61: Oficinas Dirección General | AA61: 367 | AE61: Ocupado | AI61: comodato | AK61: Instituto Mexicano del Seguro Social | AM61: Secretaria de Educación Pública Instituto Naional de Antropologia e Historia | AN61: César Manuel Manrique Solis. | AO61: Jefe de Serviios Administrativos | AP61: 44545 | AQ61: 37/12/2024
A62: RFI 17-3990-4 | D62: México | E62: Morelos | F62: C.P. 62738 | G62: =VLOOKUP(E62,Cat_generico!$B$3:$C$34,2,FALSE) -> Morelos | H62: Yautepec | I62: Calle Rómulo Hernández, sin número, Col. Esquina del Emperador, Ex convento de Santo Domingo de Guzmán, ubicado en el poblado de Oaxtepec, | J62: Calle Rómulo Hernández, sin número, Col. Esquina del Emperador, Ex convento de Santo Domingo de Guzmán, ubicado en el poblado de Oaxtepec, | M62: =VLOOKUP(L62,Cat_generico!$H$3:$I$34,2,FALSE) -> #N/A | P62: 50 | Q62: Instituto Nacional de Antropologia e Historia | R62: Secretaría de Educación Pública | S62: pública | T62: federal | U62: edificio | V62: en restauración/bueno | W62: compartido | X62: ampliación de los servicios del Centro Vacacional IMSS-Oaxtepec, Segunda Enseñanza, Biblioteca Pública y de un Museo Local | AA62: 9459 | AE62: Ocupado | AI62: otro | AK62: Instituto Mexicano del Seguro Social | AM62: Inmueble Federal (SEP) | AN62: Patricia Siles Araujo | AO62: Jefe de Serviios Administrativos | AP62: 31859 | AQ62: indeterminado
A63: 85-04856-1 | D63: México | E63: Nayarit | F63: C.P. 63550 | G63: =VLOOKUP(E63,Cat_generico!$B$3:$C$34,2,FALSE) -> Nayarit | H63: Santiago de Ixcuintla | I63: Calle Constitución, 320, Ejido Miguel Hidalgo del poblado de Villa Hidalgo, | J63: Calle Constitución, 320, Ejido Miguel Hidalgo del poblado de Villa Hidalgo, | M63: =VLOOKUP(L63,Cat_generico!$H$3:$I$34,2,FALSE) -> #N/A | P63: 50 | Q63: Instituto Mexicano del Seguro Social | R63: Instituto Mexicano del Seguro Social | S63: privada | U63: casa | V63: Buenas | W63: único | X63: Unidad de Medicina Familiar N°4 | AA63: 1873 | AE63: Ocupado | AI63: Comodato | AK63: Instituto Mexicano del Seguro Social | AM63: Ejido de Miguel Hidalgo | AN63: Joel Omar Montes Villaseñor | AO63: Jefe de Serviios Administrativos | AP63: 41912 | AQ63: 43100
A64: 85-04739-5 | D64: México | E64: Nayarit | F64: C.P. 36173, | G64: =VLOOKUP(E64,Cat_generico!$B$3:$C$34,2,FALSE) -> Nayarit | H64: Tepic, | I64: Excalle Industriales Nayaritas, 265, colonia Ciudad Industrial, | J64: Excalle Industriales Nayaritas, 265, colonia Ciudad Industrial, | M64: =VLOOKUP(L64,Cat_generico!$H$3:$I$34,2,FALSE) -> #N/A | P64: 50 | Q64: Instituto Mexicano del Seguro Social | R64: Instituto Mexicano del Seguro Social | S64: privada | U64: Almacén | V64: buenas | W64: único | X64: Almacén | AA64: 345 | AE64: Ocupado | AI64: Comodato | AK64: Instituto Mexicano del Seguro Social | AM64: C. Jorge Martínez Torres | AN64: Joel Omar Montes Villaseñor | AO64: Jefe de Serviios Administrativos | AP64: 44923 | AQ64: indefinida
A65: 85-03713-8 | D65: México | E65: Nuevo León | F65: C.P. 66750. | G65: =VLOOKUP(E65,Cat_generico!$B$3:$C$34,2,FALSE) -> NLeon | H65: Doctor González | I65: Calle Matamoros, 109, colonia Centro, | J65: Calle Matamoros, 109, colonia Centro, | M65: =VLOOKUP(L65,Cat_generico!$H$3:$I$34,2,FALSE) -> #N/A | P65: 50 | Q65: Instituto Mexicano del Seguro Social | R65: Instituto Mexicano del Seguro Social | S65: pública | T65: Municipal | U65: casa | V65: Buenas | W65: único | X65: Unidad de Medicina Familiar 41 | AA65: 46 | AE65: Ocupado | AI65: Comodato | AK65: Instituto Mexicano del Seguro Social | AM65: Municipio Dr. González de Nuevo León | AN65: José Antonio Bueno Farías | AO65: Jefe de Serviios Administrativos | AP65: 35300 | AQ65: 37126
A66: 85-03709-4 | D66: México | E66: Nuevo León | F66: C.P. 65750 | G66: =VLOOKUP(E66,Cat_generico!$B$3:$C$34,2,FALSE) -> NLeon | H66: General Zuazua | I66: Carretera Zuazua-Monterrey, sin número, colonia Centro | J66: Carretera Zuazua-Monterrey, sin número, colonia Centro | M66: =VLOOKUP(L66,Cat_generico!$H$3:$I$34,2,FALSE) -> #N/A | P66: 50 | Q66: Instituto Mexicano del Seguro Social | R66: Instituto Mexicano del Seguro Social | S66: pública | T66: Municipal | U66: casa | V66: Buenas | W66: único | X66: Consultorio de la Unidad de Medicina Familiar No. 70 | AA66: 234 | AE66: Ocupado | AI66: Comodato | AK66: Instituto Mexicano del Seguro Social | AM66: Municipio de Zuazua de Nuevo León | AN66: José Antonio Bueno | AO66: Jefe de Serviios Administrativos | AP66: 35636 | AQ66: 25/07/2027
A67: 85-04691-4 | D67: México | E67: Nuevo León | F67: C.P.66700. | G67: =VLOOKUP(E67,Cat_generico!$B$3:$C$34,2,FALSE) -> NLeon | H67: Marín | I67: Calle Escobedo, sin número, colonia Centro, | J67: Calle Escobedo, sin número, colonia Centro, | M67: =VLOOKUP(L67,Cat_generico!$H$3:$I$34,2,FALSE) -> #N/A | P67: 50 | Q67: Instituto Mexicano del Seguro Social | R67: Instituto Mexicano del Seguro Social | S67: pública | T67: Municipal | U67: casa | V67: Buenas | W67: único | X67: Consultorio de la Unidad de Medicina Familiar No. 19 | AA67: 1680 | AE67: Ocupado | AI67: Comodato | AK67: Instituto Mexicano del Seguro Social | AM67: Municipio de Marín de Nuevo León | AN67: José Antonio Bueno | AO67: Jefe de Serviios Administrativos | AP67: 45231 | AQ67: 48882
A68: 85-02211-7 | D68: México | E68: Oaxaca | F68: C.P. 71230 | G68: =VLOOKUP(E68,Cat_generico!$B$3:$C$34,2,FALSE) -> Oaxaca | H68: Santa Cruz Xoxocotlán | I68: Camino de la Horqueta, sin número, colonia Santa Cruz Xoxocotlán, | J68: Camino de la Horqueta, sin número, colonia Santa Cruz Xoxocotlán, | M68: =VLOOKUP(L68,Cat_generico!$H$3:$I$34,2,FALSE) -> #N/A | P68: 50 | Q68: Instituto Mexicano del Seguro Social | R68: Instituto Mexicano del Seguro Social | S68: privada | U68: casa | V68: Buenas | W68: único | X68: Centro de Bienestar Social No 705 | AA68: 1963 | AE68: Ocupado | AI68: otro | AK68: Instituto Mexicano del Seguro Social | AM68: sin información | AN68: Federico Javier Moctezuma Santamaría | AO68: Jefe de Serviios Administrativos
A69: 85-02483-7, | D69: México | E69: Oaxaca | F69: C.P. 70610 | G69: =VLOOKUP(E69,Cat_generico!$B$3:$C$34,2,FALSE) -> Oaxaca | H69: Salina Cruz | I69: Calle 5 de Septiembre y Esquina Luis Echeverría, sin número, colonia Deportiva y Satélite, | J69: Calle 5 de Septiembre y Esquina Luis Echeverría, sin número, colonia Deportiva y Satélite, | M69: =VLOOKUP(L69,Cat_generico!$H$3:$I$34,2,FALSE) -> #N/A | P69: 50 | Q69: Instituto Mexicano del Seguro Social | R69: Instituto Mexicano del Seguro Social | S69: pública | T69: Municipal | U69: casa | V69: Buenas | W69: único | X69: Centro de Bienestar Social | AA69: 1344 | AE69: Ocupado | AI69: comodato | AK69: Instituto Mexicano del Seguro Social | AM69: Municipio Salina Cruz | AN69: Federico Javier Moctezuma Santamaría | AO69: Jefe de Serviios Administrativos | AP69: 33415 | AQ69: 26/06/2006 indefinido
A70: 85-04242-3 | D70: México | E70: Puebla | F70: C.P. 73200 | G70: =VLOOKUP(E70,Cat_generico!$B$3:$C$34,2,FALSE) -> Puebla | H70: Juan Galindo | I70: Avenida 01 de Mayo esquina Pino Suárez, 10, colonia Nuevo Necaxa, | J70: Avenida 01 de Mayo esquina Pino Suárez, 10, colonia Nuevo Necaxa, | M70: =VLOOKUP(L70,Cat_generico!$H$3:$I$34,2,FALSE) -> #N/A | P70: 50 | Q70: Instituto Mexicano del Seguro Social | R70: Instituto Mexicano del Seguro Social | S70: privada | U70: edificio | V70: Buenas | W70: único | X70: Clínica Hospital General de Subzona con Medicina Familiar 10 | AA70: 757 | AE70: Ocupado | AI70: Comodato | AK70: Instituto Mexicano del Seguro Social | AM70: Sindicato Mexicano de Electricistas | AN70: Alejandro Martel Torres | AO70: Jefe de Serviios Administrativos | AP70: 32310 | AQ70: indefinido
A71: 85-04259-5 | D71: México | E71: Puebla | F71: C.P. 73960. | G71: =VLOOKUP(E71,Cat_generico!$B$3:$C$34,2,FALSE) -> Puebla | H71: Teziutlán | I71: Avenida de los Pinos, 15, colonia Aire Libre, | J71: Avenida de los Pinos, 15, colonia Aire Libre, | M71: =VLOOKUP(L71,Cat_generico!$H$3:$I$34,2,FALSE) -> #N/A | P71: 50 | Q71: Instituto Mexicano del Seguro Social | R71: Instituto Mexicano del Seguro Social | S71: privada | U71: casa | V71: Buenas | W71: único | X71: Unidad de Medicina Familiar No. 25 | AA71: 611 | AE71: Ocupado | AI71: Comodato | AK71: Instituto Mexicano del Seguro Social | AM71: Compañía Minera Autlán, S. A. de C.V. | AN71: Alejandro Martel Torres | AO71: Jefe de Serviios Administrativos | AP71: 32827 | AQ71: indefinido
A72: sin información | D72: México | E72: Puebla | F72: C. P. 73905. | G72: =VLOOKUP(E72,Cat_generico!$B$3:$C$34,2,FALSE) -> Puebla | H72: Mazatepec | I72: Campamento N° 1 C.F. E., 1, colonia Centro, | J72: Campamento N° 1 C.F. E., 1, colonia Centro, | M72: =VLOOKUP(L72,Cat_generico!$H$3:$I$34,2,FALSE) -> #N/A | P72: 50 | Q72: Instituto Mexicano del Seguro Social | R72: Instituto Mexicano del Seguro Social | S72: privada | U72: casa | V72: Buenas | W72: único | X72: Unidad de medicina Familiar 56 | AA72: 158 | AE72: Ocupado | AI72: otro | AK72: Instituto Mexicano del Seguro Social | AM72: sin información | AN72: Alejandro Martel Torres | AO72: Jefe de Serviios Administrativos | AP72: sin información | AQ72: sin información
A73: 85-04247-9 | D73: México | E73: Puebla | F73: C.P. 72050 | G73: =VLOOKUP(E73,Cat_generico!$B$3:$C$34,2,FALSE) -> Puebla | H73: Puebla | I73: Calle 25 Norte, 3615, colonia Cleotilde Torres | J73: Calle 25 Norte, 3615, colonia Cleotilde Torres | M73: =VLOOKUP(L73,Cat_generico!$H$3:$I$34,2,FALSE) -> #N/A | P73: 50 | Q73: Instituto Mexicano del Seguro Social | R73: Instituto Mexicano del Seguro Social | S73: privada | U73: casa | V73: Buenas | W73: único | X73: Guardería 02 | AA73: 2377 | AE73: Ocupado | AI73: Comodato | AK73: Instituto Mexicano del Seguro Social | AM73: Teléfonos de México S.A.B. de C. V. y Campañía de Teléfonos y Bienes Raíces, S.A. de C.V. | AN73: Alejandro Martel Torres | AO73: Jefe de Serviios Administrativos | AP73: 42445 | AQ73: 45366
A74: sin información | D74: México | E74: Puebla | F74: C.P. 72730 | G74: =VLOOKUP(E74,Cat_generico!$B$3:$C$34,2,FALSE) -> Puebla | H74: Cuautlancingo | I74: Calle El Carmen, esquina con calle Aldama, sin número, colonia El Carmen Sanctorum, | J74: Calle El Carmen, esquina con calle Aldama, sin número, colonia El Carmen Sanctorum, | M74: =VLOOKUP(L74,Cat_generico!$H$3:$I$34,2,FALSE) -> #N/A | P74: 50 | Q74: Instituto Mexicano del Seguro Social | R74: Instituto Mexicano del Seguro Social | S74: pública | T74: Municipal | U74: terreno | V74: Buenas | W74: único | X74: terreno para hospital | AA74: 11000 | AE74: Ocupado | AI74: Comodato | AK74: Instituto Mexicano del Seguro Social | AM74: Municipio Cuautlancingo | AN74: Alejandro Martel Torres | AO74: Jefe de Serviios Administrativos | AP74: 44852 | AQ74: 48505
A75: sin información | D75: México | E75: Puebla | F75: C.P. 74587 | G75: =VLOOKUP(E75,Cat_generico!$B$3:$C$34,2,FALSE) -> Puebla | H75: Chietla, | I75: calle 5 de mayo, esquina con 16 de septiembre, Manzana 107, solar 1, Escape Lagunillas | J75: calle 5 de mayo, esquina con 16 de septiembre, Manzana 107, solar 1, Escape Lagunillas | M75: =VLOOKUP(L75,Cat_generico!$H$3:$I$34,2,FALSE) -> #N/A | P75: 50 | Q75: Instituto Mexicano del Seguro Social | R75: Instituto Mexicano del Seguro Social | S75: privada | U75: casa | W75: único | X75: Unidad de Medicina Familiar 32 | AE75: Ocupado | AI75: Comodato | AK75: Instituto Mexicano del Seguro Social | AM75: Ejido Chietla | AN75: Alejandro Martel Torres | AO75: Jefe de Serviios Administrativos | AP75: 43753
A76: sin información | D76: México | E76: Queretaro | F76: C.P. 76538 | G76: =VLOOKUP(E76,Cat_generico!$B$3:$C$34,2,FALSE) -> #N/A | H76: Cadereyta de Montes | I76: Calle Principal, sin número, Misión de Maconi | J76: Calle Principal, sin número, Misión de Maconi | M76: =VLOOKUP(L76,Cat_generico!$H$3:$I$34,2,FALSE) -> #N/A | P76: 50 | Q76: Instituto Mexicano del Seguro Social | R76: Instituto Mexicano del Seguro Social | S76: privada | U76: casa | V76: buenas | W76: único | X76: Unidad de Medicina Familia 66 MACONI | AA76: 247 | AE76: Ocupado | AI76: otro | AK76: Instituto Mexicano del Seguro Social | AM76: Grupo Minero Maconi | AN76: José Alejandro Urbina Domínguez | AO76: Jefe de Serviios Administrativos | AP76: 35674
A77: 85-04086-8 | D77: México | E77: Queretaro | F77: C.P. 76269 | G77: =VLOOKUP(E77,Cat_generico!$B$3:$C$34,2,FALSE) -> #N/A | H77: El Marquez | I77: Avenida Circuito Universidades extensión parcelas 54, 55 y 56, extensión parcelas 54, 55 y 56, colonia La Pradera, | J77: Avenida Circuito Universidades extensión parcelas 54, 55 y 56, extensión parcelas 54, 55 y 56, colonia La Pradera, | M77: =VLOOKUP(L77,Cat_generico!$H$3:$I$34,2,FALSE) -> #N/A | P77: 50 | Q77: Instituto Mexicano del Seguro Social | R77: Instituto Mexicano del Seguro Social | S77: pública | T77: estatal | U77: terreno | V77: Regulares | W77: único | X77: Estacionamiento | AA77: 35000 | AE77: Ocupado | AI77: comodato | AK77: Instituto Mexicano del Seguro Social | AM77: Gobierno del Estado de Queretaro | AN77: José Alejandro Urbina Domínguez | AO77: Jefe de Serviios Administrativos | AP77: 44470 | AQ77: 46690
A78: 85-04634-2 | D78: México | E78: Queretaro | F78: C.P. 76220 | G78: =VLOOKUP(E78,Cat_generico!$B$3:$C$34,2,FALSE) -> #N/A | H78: Santa Rosa de Jauregui | I78: Avenida Melchor Ocampo, 3, colonia Independencia, | J78: Avenida Melchor Ocampo, 3, colonia Independencia, | M78: =VLOOKUP(L78,Cat_generico!$H$3:$I$34,2,FALSE) -> #N/A | P78: 50 | Q78: Instituto Mexicano del Seguro Social | R78: Instituto Mexicano del Seguro Social | S78: pública | T78: estatal | U78: casa | V78: Bueno | W78: único | X78: Unidad de Medicina Familiar 11 | AA78: 5839 | AE78: Ocupado | AI78: comodato | AK78: Instituto Mexicano del Seguro Social | AM78: Gobierno del Estado de Queretaro | AN78: José Alejandro Urbina Domínguez | AO78: Jefe de Serviios Administrativos | AP78: 45078 | AQ78: 46660
D79: México | E79: Querétaro | F79: C.P. 76175 | G79: =VLOOKUP(E79,Cat_generico!$B$3:$C$34,2,FALSE) -> Querétaro | H79: Santiago de Querétaro | I79: Avenida 5 de febrero, número 105, fraccionamiento los Virreyes | J79: Avenida 5 de febrero, número 105, fraccionamiento los Virreyes | M79: =VLOOKUP(L79,Cat_generico!$H$3:$I$34,2,FALSE) -> #N/A | P79: 50 | Q79: Instituto Mexicano del Seguro Social | R79: Instituto Mexicano del Seguro Social | S79: pública | T79: estatal | U79: casa | V79: Buenas | W79: único | X79: Albergue | AA79: 1616 | AE79: Ocupado | AI79: comodato | AK79: Instituto Mexicano del Seguro Social | AM79: Gobierno del Estado de Queretaro | AN79: José Alejandro Urbina Domínguez | AO79: Jefe de Serviios Administrativos | AP79: 45348 | AQ79: 46660
A80: 85-02747-2 | D80: México | E80: Quintana Roo | F80: C.P. 77768. | G80: =VLOOKUP(E80,Cat_generico!$B$3:$C$34,2,FALSE) -> QuintanaRoo | H80: Tulum | I80: Calle Punta Pájaro esquina Punta Nisuck, sin número, colonia Javier Rojo Gómez (Punta Allen), | J80: Calle Punta Pájaro esquina Punta Nisuck, sin número, colonia Javier Rojo Gómez (Punta Allen), | M80: =VLOOKUP(L80,Cat_generico!$H$3:$I$34,2,FALSE) -> #N/A | P80: 50 | Q80: Instituto Mexicano del Seguro Social | R80: Instituto Mexicano del Seguro Social | S80: pública | T80: federal | U80: casa | V80: Buenas | W80: único | X80: Unidad de Medicina Familiar N°9 | AA80: 60 | AE80: Ocupado | AI80: Comodato | AK80: Instituto Mexicano del Seguro Social | AM80: Secretaria de Desarrollo Urbano y Ecologíal | AN80: Wendy Guadalupe Lora Aroche | AO80: Jefe de Serviios Administrativos | AP80: 32188 | AQ80: Indefinida
A81: 85-02746-3 | D81: México | E81: Quintana Roo | F81: C.P. 77776. | G81: =VLOOKUP(E81,Cat_generico!$B$3:$C$34,2,FALSE) -> QuintanaRoo | H81: Tulum | I81: Carretera Chetumal Cancún Km 275, Kilometro 275, colonia Akumal, | J81: Carretera Chetumal Cancún Km 275, Kilometro 275, colonia Akumal, | M81: =VLOOKUP(L81,Cat_generico!$H$3:$I$34,2,FALSE) -> #N/A | P81: 50 | Q81: Instituto Mexicano del Seguro Social | R81: Instituto Mexicano del Seguro Social | S81: privada | U81: casa | V81: Buenas | W81: único | X81: Unidad de Medicina Familiar N°10 | AA81: 65 | AE81: Ocupado | AI81: Comodato | AK81: Instituto Mexicano del Seguro Social | AM81: Desarrolladora Hotelera Jade, S.A.de C.V. | AN81: Wendy Guadalupe Lora Aroche | AO81: Jefe de Serviios Administrativos | AP81: 32188 | AQ81: Indefinida
A82: 85-02748-1 | D82: México | E82: Quintana Roo | F82: C.P. 77600. | G82: =VLOOKUP(E82,Cat_generico!$B$3:$C$34,2,FALSE) -> QuintanaRoo | H82: Cozumel | I82: Avenida Sur, Local PA-11, Planta Alta, Plaza Sol, Mercado de Artesanías, Andador Quinta número 1, colonia Centro, | J82: Avenida Sur, Local PA-11, Planta Alta, Plaza Sol, Mercado de Artesanías, Andador Quinta número 1, colonia Centro, | M82: =VLOOKUP(L82,Cat_generico!$H$3:$I$34,2,FALSE) -> #N/A | P82: 50 | Q82: Instituto Mexicano del Seguro Social | R82: Instituto Mexicano del Seguro Social | S82: pública | T82: Municipal | U82: casa | V82: Buenas | W82: único | X82: Módulo Administrativo de Subdelegación | AA82: 19 | AE82: Ocupado | AI82: Comodato | AK82: Instituto Mexicano del Seguro Social | AM82: H. Ayuntamiento Cozumel | AN82: Wendy Guadalupe Lora Aroche | AO82: Jefe de Serviios Administrativos | AP82: 44470 | AQ82: 45504
A83: sin información | D83: México | E83: Sinaloa | F83: C.P. 82220. | G83: =VLOOKUP(E83,Cat_generico!$B$3:$C$34,2,FALSE) -> Sinaloa | H83: Mazatlán | I83: Calle Internacional, Estación Marmol, sin número, colonia Mármol, | J83: Calle Internacional, Estación Marmol, sin número, colonia Mármol, | M83: =VLOOKUP(L83,Cat_generico!$H$3:$I$34,2,FALSE) -> #N/A | P83: 50 | Q83: Instituto Mexicano del Seguro Social | R83: Instituto Mexicano del Seguro Social | S83: privada | U83: casa | V83: Buenas | W83: único | X83: Unidad de Medicina Familiar 34 | AA83: 505 | AE83: Ocupado | AI83: otro | AK83: Instituto Mexicano del Seguro Social | AM83: Cementos Guadalajara, S.A. de C.V | AN83: Sergio Santana Puentes | AO83: Jefe de Serviios Administrativos | AP83: sin información | AQ83: sin información
A84: sin información | D84: México | E84: Sinaloa | F84: C.P. 80176. | G84: =VLOOKUP(E84,Cat_generico!$B$3:$C$34,2,FALSE) -> Sinaloa | H84: Culiacán | I84: Avenida de los Empaques y Andador artículo 110, sin número, Colonia INFONVIT Barrancos, | J84: Avenida de los Empaques y Andador artículo 110, sin número, Colonia INFONVIT Barrancos, | M84: =VLOOKUP(L84,Cat_generico!$H$3:$I$34,2,FALSE) -> #N/A | P84: 50 | Q84: Instituto Mexicano del Seguro Social | R84: Instituto Mexicano del Seguro Social | S84: pública | T84: Municipal | U84: casa | V84: Buenas | W84: único | X84: Unidad de Medicina Familiar 53 | AA84: 540 | AE84: Ocupado | AI84: otro | AK84: Instituto Mexicano del Seguro Social | AM84: H. Ayuntamiento de Cualiacán | AN84: Sergio Santana Puentes | AO84: Jefe de Serviios Administrativos | AP84: sin información | AQ84: sin información
A85: 85-02546-9 | D85: México | E85: Sinaloa | F85: C.P. 80800. | G85: =VLOOKUP(E85,Cat_generico!$B$3:$C$34,2,FALSE) -> Sinaloa | H85: Mocorito | I85: Carretera a Tepantita, Camino Mocorito-Guamichil, sin número, colonia Sinaloa Mocorito | J85: Carretera a Tepantita, Camino Mocorito-Guamichil, sin número, colonia Sinaloa Mocorito | M85: =VLOOKUP(L85,Cat_generico!$H$3:$I$34,2,FALSE) -> #N/A | P85: 50 | Q85: Instituto Mexicano del Seguro Social | R85: Instituto Mexicano del Seguro Social | S85: pública | T85: Municipal | U85: casa | V85: Buenas | W85: único | X85: Unidad de Medicina Familiar N°54 | AA85: 348 | AE85: Ocupado | AI85: Comodato | AK85: Instituto Mexicano del Seguro Social | AM85: H. Ayuntamiento Mocorito | AN85: Sergio Santana Puentes | AO85: Jefe de Serviios Administrativos | AP85: 39387 | AQ85: 57649
A86: sin información | D86: México | E86: Sonora | F86: C.P. 85256. | G86: =VLOOKUP(E86,Cat_generico!$B$3:$C$34,2,FALSE) -> Sonora | H86: Huatabampo | I86: Manzana 19, Lote 6, Ejido Francisco Sarabia, | J86: Manzana 19, Lote 6, Ejido Francisco Sarabia, | M86: =VLOOKUP(L86,Cat_generico!$H$3:$I$34,2,FALSE) -> #N/A | P86: 50 | Q86: Instituto Mexicano del Seguro Social | R86: Instituto Mexicano del Seguro Social | S86: privada | U86: casa | V86: sin información | W86: único | X86: Unidad de Medicina Familiar 40 | AA86: 2000 | AE86: Ocupado | AI86: Comodato | AK86: Instituto Mexicano del Seguro Social | AM86: Ejido "Francisco Sarabia" | AN86: Cynthia Dinorah López Tapia | AO86: Jefe de Serviios Administrativos | AP86: 43348 | AQ86: indefinido
A87: sin información | D87: México | E87: Sonora | F87: C.P. 85298 | G87: =VLOOKUP(E87,Cat_generico!$B$3:$C$34,2,FALSE) -> Sonora | H87: Benito Juárez, | I87: calle Principal, sin número, colonia Paredón Colorado, | J87: calle Principal, sin número, colonia Paredón Colorado, | M87: =VLOOKUP(L87,Cat_generico!$H$3:$I$34,2,FALSE) -> #N/A | P87: 50 | Q87: Instituto Mexicano del Seguro Social | R87: Instituto Mexicano del Seguro Social | S87: privada | U87: casa | V87: sin información | W87: único | X87: Unidad de Medicina Familiar 41 | AA87: 145 | AE87: Ocupado | AI87: Comodato | AK87: Instituto Mexicano del Seguro Social | AM87: Sociedad Cooperativa de Pescadores "Paredón Colorado", S. C. L. | AN87: Cynthia Dinorah López Tapia | AO87: Jefe de Serviios Administrativos | AP87: 43340 | AQ87: indefinido
A88: sin información | D88: México | E88: Sonora | F88: C.P. 85519 | G88: =VLOOKUP(E88,Cat_generico!$B$3:$C$34,2,FALSE) -> Sonora | H88: San Ignacio Río Muerto | I88: Entrada Principal, sin número, colonia Bahía de Lobos, Río Muerto, | J88: Entrada Principal, sin número, colonia Bahía de Lobos, Río Muerto, | M88: =VLOOKUP(L88,Cat_generico!$H$3:$I$34,2,FALSE) -> #N/A | P88: 50 | Q88: Instituto Mexicano del Seguro Social | R88: Instituto Mexicano del Seguro Social | S88: pública | T88: Municipal | U88: casa | V88: sin información | W88: único | X88: Unidad de Medicina Familiar 45 | AE88: Ocupado | AI88: Comodato | AK88: Instituto Mexicano del Seguro Social | AM88: Servicios Médicos de Sonora SEMESON | AN88: Cynthia Dinorah López Tapia | AO88: Jefe de Serviios Administrativos | AP88: 31586 | AQ88: indeterminada
A89: sin información | D89: México | E89: Sonora | F89: C.P. 84094 | G89: =VLOOKUP(E89,Cat_generico!$B$3:$C$34,2,FALSE) -> Sonora | H89: Nogales | I89: Calzada Industrial, 9, Parque Industrial Nuevo Nogales, | J89: Calzada Industrial, 9, Parque Industrial Nuevo Nogales, | M89: =VLOOKUP(L89,Cat_generico!$H$3:$I$34,2,FALSE) -> #N/A | P89: 50 | Q89: Instituto Mexicano del Seguro Social | R89: Instituto Mexicano del Seguro Social | S89: privada | U89: casa | V89: sin información | W89: único | X89: Unidad de Medicina Familiar N° Participativa | AA89: 389 | AE89: Ocupado | AI89: Convenio | AK89: Instituto Mexicano del Seguro Social | AM89: Industria Nuevo Nogales, S. A. de C. V., por conducto de Asociación de Maquiladores de Sonora, A.C. | AN89: Cynthia Dinorah López Tapia | AO89: Jefe de Serviios Administrativos | AP89: 38169 | AQ89: 39629
A90: sin información | D90: México | E90: Sonora | F90: C.P. 84340 | G90: =VLOOKUP(E90,Cat_generico!$B$3:$C$34,2,FALSE) -> Sonora | H90: Nacozari | I90: calle Hisas, 16, Caridad Nacozari de García | J90: calle Hisas, 16, Caridad Nacozari de García | M90: =VLOOKUP(L90,Cat_generico!$H$3:$I$34,2,FALSE) -> #N/A | P90: 50 | Q90: Instituto Mexicano del Seguro Social | R90: Instituto Mexicano del Seguro Social | S90: privada | U90: casa | V90: sin información | W90: único | X90: Puesto de Fábrica | AE90: Ocupado | AI90: otro | AK90: Instituto Mexicano del Seguro Social | AM90: sin información | AN90: Cynthia Dinorah López Tapia | AO90: Jefe de Serviios Administrativos | AP90: sin información | AQ90: sin información
A91: sin información | D91: México | E91: Sonora | F91: C.P. 85277 | G91: =VLOOKUP(E91,Cat_generico!$B$3:$C$34,2,FALSE) -> Sonora | H91: Bácum | I91: Calle Principal, sin número, colonia Ejido Atotonilco, | J91: Calle Principal, sin número, colonia Ejido Atotonilco, | M91: =VLOOKUP(L91,Cat_generico!$H$3:$I$34,2,FALSE) -> #N/A | P91: 50 | Q91: Instituto Mexicano del Seguro Social | R91: Instituto Mexicano del Seguro Social | S91: privada | U91: casa | V91: sin información | W91: único | X91: Unidad de Medicina Familiar 39 | AA91: 641 | AE91: Ocupado | AI91: comodato | AK91: Instituto Mexicano del Seguro Social | AM91: Ejido Atotonilco | AN91: Cynthia Dinorah López Tapia | AO91: Jefe de Serviios Administrativos | AP91: 43581 | AQ91: indefinido
A92: sin información | D92: México | E92: Sonora | F92: C.P. 83900 | G92: =VLOOKUP(E92,Cat_generico!$B$3:$C$34,2,FALSE) -> Sonora | H92: Benjamil Hill | I92: Calle D (Abasolo), Calle C, sin número, Colonia Benjamin Hill. | J92: Calle D (Abasolo), Calle C, sin número, Colonia Benjamin Hill. | M92: =VLOOKUP(L92,Cat_generico!$H$3:$I$34,2,FALSE) -> #N/A | P92: 50 | Q92: Instituto Mexicano del Seguro Social | R92: Instituto Mexicano del Seguro Social | S92: privada | U92: casa | V92: sin información | W92: único | X92: Unidad de Medicina Familiar 10 | AE92: Ocupado | AI92: otro | AK92: Instituto Mexicano del Seguro Social | AM92: sin información | AN92: Cynthia Dinorah López Tapia | AO92: Jefe de Serviios Administrativos | AP92: sin información | AQ92: sin información
A93: sin información | D93: México | E93: Sonora | F93: C.P. 84900, | G93: =VLOOKUP(E93,Cat_generico!$B$3:$C$34,2,FALSE) -> Sonora | H93: Heroica Ciudad de Ures | I93: calle Enrique Quijada, sin número, Colonia Ures | J93: calle Enrique Quijada, sin número, Colonia Ures | M93: =VLOOKUP(L93,Cat_generico!$H$3:$I$34,2,FALSE) -> #N/A | P93: 50 | Q93: Instituto Mexicano del Seguro Social | R93: Instituto Mexicano del Seguro Social | S93: privada | U93: casa | V93: sin información | W93: único | X93: Unidad de Medicina Familiar 25 | AA93: 19 | AE93: Ocupado | AI93: otro | AK93: Instituto Mexicano del Seguro Social | AM93: sin información | AN93: Cynthia Dinorah López Tapia | AO93: Jefe de Serviios Administrativos | AP93: 37074 | AQ93: 51684
A94: sin información | D94: México | E94: Sonora | F94: C.P. 85760. | G94: =VLOOKUP(E94,Cat_generico!$B$3:$C$34,2,FALSE) -> Sonora | H94: Álamos | I94: Calle General Antonio Rosales, 79, Colonia Centro, | J94: Calle General Antonio Rosales, 79, Colonia Centro, | M94: =VLOOKUP(L94,Cat_generico!$H$3:$I$34,2,FALSE) -> #N/A | P94: 50 | Q94: Instituto Mexicano del Seguro Social | R94: Instituto Mexicano del Seguro Social | S94: privada | U94: casa | V94: sin información | W94: único | X94: Unidad de Medicina Familiar 42 | AE94: Ocupado | AI94: otro | AK94: Instituto Mexicano del Seguro Social | AM94: sin información | AN94: Cynthia Dinorah López Tapia | AO94: Jefe de Serviios Administrativos | AP94: sin información | AQ94: sin información
A95: sin información | D95: México | E95: Sonora | F95: C.P. 84048 | G95: =VLOOKUP(E95,Cat_generico!$B$3:$C$34,2,FALSE) -> Sonora | H95: Nogales | I95: Boulevard Luis Donaldo Colosio Murrieta, calle Industrial, 1891, colonia Obrera, | J95: Boulevard Luis Donaldo Colosio Murrieta, calle Industrial, 1891, colonia Obrera, | M95: =VLOOKUP(L95,Cat_generico!$H$3:$I$34,2,FALSE) -> #N/A | P95: 50 | Q95: Instituto Mexicano del Seguro Social | R95: Instituto Mexicano del Seguro Social | S95: privada | U95: casa | V95: sin información | W95: único | X95: Unidad de Medicina Familiar Camberl Dirección de la unidad Médica. Consultorios Médicos | AA95: 148 | AE95: Ocupado | AI95: comodato | AK95: Instituto Mexicano del Seguro Social | AM95: Grupo Chamberlain S. de R. L. de C.V. | AN95: Cynthia Dinorah López Tapia | AO95: Jefe de Serviios Administrativos | AP95: 37019 | AQ95: indefinido
A96: sin información | D96: México | E96: Sonora | F96: C.P. 85880 | G96: =VLOOKUP(E96,Cat_generico!$B$3:$C$34,2,FALSE) -> Sonora | H96: Navojoa | I96: Boulevard Jacaranda, sin número, Fraccionamiento Jarandas II | J96: Boulevard Jacaranda, sin número, Fraccionamiento Jarandas II | M96: =VLOOKUP(L96,Cat_generico!$H$3:$I$34,2,FALSE) -> #N/A | P96: 50 | Q96: Instituto Mexicano del Seguro Social | R96: Instituto Mexicano del Seguro Social | S96: pública | T96: estatal | U96: casa | V96: sin información | W96: único | X96: Centro de Seguridad Social | AA96: 1692 | AE96: Ocupado | AI96: comodato | AK96: Instituto Mexicano del Seguro Social | AM96: Gobierno del Estado | AN96: Cynthia Dinorah López Tapia | AO96: Jefe de Serviios Administrativos | AP96: 43089 | AQ96: indefinido
A97: 85-04994-3 | D97: México | E97: Tabasco | F97: C.P. 86475 | G97: =VLOOKUP(E97,Cat_generico!$B$3:$C$34,2,FALSE) -> Tabasco | H97: de Cárdenas | I97: Avenida Carlos Pellicer Cámara, 27, Conjunto Habitacional Sra Ramona Martínez Carrillo, Poblado C-27, | J97: Avenida Carlos Pellicer Cámara, 27, Conjunto Habitacional Sra Ramona Martínez Carrillo, Poblado C-27, | M97: =VLOOKUP(L97,Cat_generico!$H$3:$I$34,2,FALSE) -> #N/A | P97: 50 | Q97: Instituto Mexicano del Seguro Social | R97: Instituto Mexicano del Seguro Social | S97: privada | U97: casa | V97: buena | W97: único | X97: Unidad de Medicina Familiar N°41 | AA97: 203 | AE97: Ocupado | AI97: Comodato | AK97: Instituto Mexicano del Seguro Social | AM97: Ingenio Azucarero "Lic. Benito Juárez" | AN97: Isaac Ignacio Silva Cárdenas | AO97: Jefe de Serviios Administrativos | AP97: 44923 | AQ97: 46752
A98: Sin información | D98: México | E98: Tamaulipas | F98: C.P. 88400 | G98: =VLOOKUP(E98,Cat_generico!$B$3:$C$34,2,FALSE) -> Tamaulipas | H98: Gustavo Días Ordaz | I98: Avenida Hidalgo, número 1126 Sur, colonia Centro | J98: Avenida Hidalgo, número 1126 Sur, colonia Centro | M98: =VLOOKUP(L98,Cat_generico!$H$3:$I$34,2,FALSE) -> #N/A | P98: 50 | Q98: Instituto Mexicano del Seguro Social | R98: Instituto Mexicano del Seguro Social | S98: social | T98: estatal | U98: casa | V98: sin información | W98: único | X98: Unidad de Medicina Familiar 23 | AA98: 362 | AE98: Ocupado | AI98: Comodato | AK98: Instituto Mexicano del Seguro Social | AM98: Cruz Roja Mexicana I.A.P. | AN98: Andres Alejandro Ortiz Salazar | AO98: Jefe de Serviios Administrativos | AP98: 44564 | AQ98: 44926
A99: sin información | D99: México | E99: Tamaulipas | F99: C.P. 89960, | G99: =VLOOKUP(E99,Cat_generico!$B$3:$C$34,2,FALSE) -> Tamaulipas | H99: Antiguo Morelos | I99: Calle Vicente Guerrero Manzana 5, Lote 4, Lote 5, Colonia Barrio la Bolsa | J99: Calle Vicente Guerrero Manzana 5, Lote 4, Lote 5, Colonia Barrio la Bolsa | M99: =VLOOKUP(L99,Cat_generico!$H$3:$I$34,2,FALSE) -> #N/A | P99: 50 | Q99: Instituto Mexicano del Seguro Social | R99: Instituto Mexicano del Seguro Social | S99: pública | T99: municipal | U99: casa | W99: único | X99: Unidad de Medicina Familiar 34 | AA99: 832 | AE99: Ocupado | AI99: otro | AK99: Instituto Mexicano del Seguro Social | AM99: Municipio Antihguo Morelos | AN99: Andres Alejandro Ortiz Salazar | AO99: Jefe de Serviios Administrativos | AP99: 34419 | AQ99: indefinido
A100: sin información | D100: México | E100: Tamaulipas | F100: C.P. 89970 | G100: =VLOOKUP(E100,Cat_generico!$B$3:$C$34,2,FALSE) -> Tamaulipas | H100: Nuevo Morelos | I100: Calle Magnate Nuevo Morelos, 50, Colonia Nuevo Morelos, | J100: Calle Magnate Nuevo Morelos, 50, Colonia Nuevo Morelos, | M100: =VLOOKUP(L100,Cat_generico!$H$3:$I$34,2,FALSE) -> #N/A | P100: 50 | Q100: Instituto Mexicano del Seguro Social | R100: Instituto Mexicano del Seguro Social | S100: pública | T100: Municipal | U100: casa | W100: único | X100: Unidad de Medicina Familiar 35 | AE100: Ocupado | AI100: otro | AK100: Instituto Mexicano del Seguro Social | AM100: Municipio de Nuevo Morelos | AN100: Andres Alejandro Ortiz Salazar | AO100: Jefe de Serviios Administrativos
...

Sheet Listas
A2: TIPO DE PROPIEDAD | B2: EN CASO DE PROPIEDAD "PÚBLICA" | C2: ESTATUS DEL INMUEBLE | D2: USO | E2: TIPO DE INMUEBLE | F2: TIPO DE TRÁMITE | G2: PROGRAMA
A3: PÚBLICA | B3: FEDERAL | C3: ARRENDADO | D3: ÚNICO | E3: EDIFICIO | F3: PRESENCIAL | G3: SUBSIDIOS
A4: PRIVADA | B4: ESTATAL | C4: PROPIO | D4: COMPARTIDO | E4: CASA | F4: DIGITAL | G4: DESEMPEÑO DE LAS FUNCIONES
A5: SOCIAL | B5: MUNICIPAL | C5: DONACIÓN | E5: ALMACÉN | F5: HIBRIDO | G5: ADMINISTRATIVOS Y DE APOYO
C6: CONCESIÓN | E6: TERRENO
C7: COMODATO | E7: OTRO
C8: OTRO
